 Dungeon Crawl Stone Soup version 0.26-a0-497-g0187308201 (webtiles) character file.

Game seed: 4975947878116090773

1598725 Infinimo the Conqueror (level 27, 0/273 HPs)
             Began as a Minotaur Fighter on Aug 2, 2020.
             Was the Champion of Zin.
             Killed from afar by a hellion (29 damage)
             ... with damnation
             ... in Pandemonium on Aug 5, 2020.
             The game lasted 03:50:51 (163388 turns).

Infinimo the Conqueror (Minotaur Fighter)         Turns: 163388, Time: 03:50:52

Health: 0/273      AC: 52    Str: 26    XL:     27
Magic:  49/49      EV: 24    Int: 24    God:    Zin [******]
Gold:   10254      SH: 33    Dex: 20    Spells: 53/64 levels left

rFire    + + .     SeeInvis +   I - +9 eveningstar (holy)
rCold    + + +     Faith    .   S - +5 tower shield "Wuypt" {rC++ MR+++ SInv}
rNeg     + + +     Spirit   .   K - +13 crystal plate armour of Wasted Space {rC+ Str+3}
rPois    +         Reflect  .   U - +2 hat of the Fiend {Regen+}
rElec    +         Harm     .   H - scarf {shadows}
rCorr    +                      W - +0 pair of gloves "Okeug" {Regen+ rCorr Int+9 Dex-3}
MR       +++++                  O - +2 pair of boots {Fly}
Stlth    ..........             h - macabre finger necklace {rN+}
HPRegen  1.35/turn              b - ring of the Nightingale {rC+ rN+ Dex+6 Slay+3}
MPRegen  0.31/turn              L - ring "Culus" {rElec rPois rF+ Int-2 Dex+6}
                                V - ring of Kifes {rF+ rN+ Str-2 Int+4}

@: flying, very slightly contaminated, studying Ice Magic
A: retaliatory headbutt, horns 2, high mp 1
}: 14/15 runes: decaying, slimy, silver, iron, obsidian, icy, bone, abyssal,
demonic, glowing, magical, fiery, dark, gossamer
a: Recite, Vitalisation, Imprison, Sanctuary, Donate Gold, Renounce Religion,
Stop Flying


You were in Pandemonium.
You worshipped Zin.
Zin was exalted by your worship.
You visited 16 branches of the dungeon, and saw 82 of its levels.
You visited Pandemonium 1 time, and saw 39 of its levels.
You visited the Abyss 5 times.
You visited 2 bazaars.
You also visited: Trove, Gauntlet and Ice Cave.

You collected 46718 gold pieces.
You spent 11539 gold pieces at shops.
You donated 139 gold pieces to Zin.
You paid 24786 gold pieces to Gozag.

Inventory:

Hand Weapons
 k - a +0 eveningstar
 I - a +9 eveningstar of holy wrath (weapon)
Armour
 H - a scarf of shadows (worn)
 K - the +13 crystal plate armour of Wasted Space (worn) {rC+ Str+3}
   (You acquired it on level 1 of the Spider Nest)

   It affects your strength (+3).
   It protects you from cold.
 M - the +0 pair of gloves of the Gate {*Drain rF+ rC+++ SInv}
   (You acquired it in Pandemonium)

   It protects you from fire.
   It renders you almost immune to cold.
   It lets you see invisible.
   It causes draining when unequipped.
 O - a +2 pair of boots of flying (worn)
 S - the +5 tower shield "Wuypt" (worn) {rC++ MR+++ SInv}
   (You found it in a treasure trove)

   It greatly protects you from cold.
   It affects your resistance to hostile enchantments.
   It lets you see invisible.
 U - the +2 hat of the Fiend (worn) {Regen+}
   (You found it in Pandemonium)

   It increases your rate of regeneration.
 W - the +0 pair of gloves "Okeug" (worn) {Regen+ rCorr Int+9 Dex-3}
   (You found it in a treasure trove)

   It affects your intelligence (+9).
   It affects your dexterity (-3).
   It increases your rate of regeneration.
   It provides partial protection from all sources of acid and corrosion.
 X - the +2 hood of the Assassin {Detection Stab+ Stlth++}
   (You found it in a treasure trove)

   It makes you much more stealthy.
Jewellery
 b - the ring of the Nightingale (left hand) {rC+ rN+ Dex+6 Slay+3}
   (You acquired it on level 3 of the Vaults)

   [ring of dexterity]

   It affects your dexterity (+6).
   It affects your accuracy and damage with ranged weapons and melee attacks
   (+3).
   It protects you from cold.
   It protects you from negative energy.
 h - the macabre finger necklace (around neck) {rN+}
   (You took it off Dispater on level 7 of the Iron City of Dis)

   [amulet of nothing]

   It protects you from negative energy.
 L - the ring "Culus" (right hand) {rElec rPois rF+ Int-2 Dex+6}
   (You found it in a Gauntlet)

   [ring of protection from fire]

   It affects your intelligence (-2).
   It affects your dexterity (+6).
   It protects you from fire.
   It insulates you from electricity.
   It protects you from poison.
 V - the ring of Kifes (on amulet) {rF+ rN+ Str-2 Int+4}
   (You found it on level 3 of the Crypt)

   [ring of positive energy]

   It affects your strength (-2).
   It affects your intelligence (+4).
   It protects you from fire.
   It protects you from negative energy.
Wands
 c - a wand of removedness (20)
 e - a wand of acid (20)
 w - a wand of iceblast (126)
 P - a wand of digging (61)
 T - a wand of disintegration (24)
Scrolls
 g - 5 scrolls of blinking
 i - 10 scrolls of amnesia
 j - 12 scrolls of fog
 l - 53 scrolls of remove curse
 m - 42 scrolls of identify
 p - 16 scrolls of magic mapping
 t - 4 scrolls of brand weapon
 x - 11 scrolls of teleportation
 y - 7 scrolls of summoning
 A - 5 scrolls of enchant weapon
 D - 22 scrolls of fear
 E - 5 scrolls of silence
 F - 22 scrolls of enchant armour
 G - 3 scrolls of torment
 J - 6 scrolls of holy word
Potions
 d - 6 potions of haste
 f - 12 potions of magic
 n - 15 potions of brilliance
 o - 15 potions of invisibility
 r - 36 potions of curing
 s - 6 potions of resistance
 u - 6 potions of mutation
 v - 7 potions of ambrosia
 z - 6 potions of berserk rage
 C - 8 potions of stabbing
 Q - 3 potions of might
Books
 N - a manual of Ice Magic


   Skills:
 O Level 27 Fighting
 O Level 27 Maces & Flails
 O Level 27 Armour
 O Level 27 Dodging
 O Level 27 Shields
 + Level 19.2 Spellcasting
 + Level 26.7 Necromancy
 O Level 27 Translocations
 O Level 27 Transmutations


You had 53 spell levels left.
You knew the following spells:

 Your Spells              Type           Power        Failure   Level
a - Animate Skeleton      Necr           ######       0%          1
b - Passwall              Tmut/Erth      #####...     1%          2
d - Controlled Blink      Tloc           N/A          1%          8

Your spell library contained the following spells:

 Spells                   Type           Power        Failure   Level
 Apportation              Tloc           ######       0%          1
 Beastly Appendage        Tmut           ######       0%          1
 Pain                     Necr           ####         0%          1
 Blink                    Tloc           N/A          0%          2
 Sublimation of Blood     Necr           ######....   0%          2
 Wereblood                Tmut           ######..     0%          2
 Gell's Gravitas          Tloc           ######....   0%          3
 Lesser Beckoning         Tloc           ######....   0%          3
 Teleport Other           Tloc           ######..     0%          3
 Vampiric Draining        Necr           ######....   0%          3
 Animate Dead             Necr           ######....   0%          4
 Dispel Undead            Necr           ######..     0%          4
 Passage of Golubria      Tloc           N/A          0%          4
 Agony                    Necr           ######..     0%          5
 Blade Hands              Tmut           ######....   0%          5
 Excruciating Wounds      Necr           ######....   0%          5
 Sting                    Tmut/Pois      ####         1%          1
 Corpse Rot               Necr/Air       N/A          1%          2
 Ignite Poison            Fire/Tmut/Pois ####....     1%          3
 Portal Projectile        Hex/Tloc       #####.       1%          3
 Spider Form              Tmut/Pois      #####.....   1%          3
 Ice Form                 Ice/Tmut       #####...     1%          4
 Iskenderun's Mystic Bla  Conj/Tloc      #####...     1%          4
 Petrify                  Tmut/Erth      #####...     1%          4
 Alistair's Intoxication  Tmut/Pois      #####....    1%          5
 Borgnjor's Vile Clutch   Necr/Erth      #####.....   1%          5
 Irradiate                Conj/Tmut      #####.....   1%          5
 Summon Forest            Summ/Tloc      #####.....   1%          5
 Yara's Violent Unravell  Hex/Tmut       #####.....   1%          5
 Death Channel            Necr           ######....   1%          6
 Dispersal                Tloc           ######....   1%          6
 Hydra Form               Tmut           ######....   1%          6
 Dragon Form              Tmut           ######....   1%          7
 Disjunction              Tloc           ######....   1%          8
 Eringya's Noxious Bog    Tmut/Pois      #####.....   9%          6
 Simulacrum               Ice/Necr       #####.....   9%          6
 Statue Form              Tmut/Erth      #####....    9%          6
 Corona                   Hex            ##.....      14%         1
 Foxfire                  Conj/Fire      ##..         14%         1
 Freeze                   Ice            ##..         14%         1
 Magic Dart               Conj           ##..         14%         1
 Sandblast                Erth           ##....       14%         1
 Summon Small Mammal      Summ           ##..         14%         1
 Call Imp                 Summ           ##......     21%         2
 Ensorcelled Hibernation  Hex/Ice        ##....       21%         2
 Poisonous Vapours        Pois/Air       ##....       21%         2
 Searing Ray              Conj           ##....       21%         2
 Slow                     Hex            ##......     21%         2
 Swiftness                Air            ##......     21%         2
 Call Canine Familiar     Summ           ##......     38%         3
 Confusing Touch          Hex            ##......     38%         3
 Conjure Flame            Conj/Fire      ##......     38%         3
 Dazzling Flash           Conj/Hex       ##....       38%         3
 Frozen Ramparts          Ice            ##....       38%         3
 Inner Flame              Hex/Fire       ##......     38%         3
 Mephitic Cloud           Conj/Pois/Air  ##......     38%         3
 Ozocubu's Armour         Ice            ##......     38%         3
 Static Discharge         Conj/Air       ##......     38%         3
 Stone Arrow              Conj/Erth      ##....       38%         3
 Summon Guardian Golem    Hex/Summ       ##......     38%         3
 Tukima's Dance           Hex            ##......     38%         3
 Malign Gateway           Summ/Tloc      #####.....   41%         7
 Cause Fear               Hex            ##........   80%         4
 Fulminant Prism          Conj/Hex       ##........   80%         4
 Hailstorm                Conj/Ice       ##......     80%         4
 Olgreb's Toxic Radiance  Pois           ##......     80%         4
 Sticky Flame             Conj/Fire      ##......     80%         4
 Summon Ice Beast         Ice/Summ       ##......     80%         4
 Summon Lightning Spire   Summ/Air       ##......     80%         4
 Bolt of Magma            Conj/Fire/Erth ##........   98%         5
 Fireball                 Conj/Fire      ##........   98%         5
 Iskenderun's Battlesphe  Conj           ##......     98%         5
 Lee's Rapid Deconstruct  Erth           ##........   98%         5
 Lightning Bolt           Conj/Air       ##........   98%         5
 Metabolic Englaciation   Hex/Ice        ##........   98%         5
 Silence                  Hex/Air        ##........   98%         5
 Summon Demon             Summ           ##........   98%         5
 Freezing Cloud           Conj/Ice/Air   ##........   100%        6
 Invisibility             Hex            ##......     100%        6
 Iron Shot                Conj/Erth      ##........   100%        6
 Ozocubu's Refrigeration  Ice            ##........   100%        6
 Shadow Creatures         Summ           N/A          100%        6
 Starburst                Conj/Fire      ##........   100%        6
 Orb of Destruction       Conj           ##........   100%        7
 Spellforged Servitor     Conj/Summ      ##........   100%        7
 Summon Hydra             Summ           ##........   100%        7
 Chain Lightning          Conj/Air       ##........   100%        8
 Discord                  Hex            ##........   100%        8
 Ignition                 Fire           ##........   100%        8
 Lehudib's Crystal Spear  Conj/Erth      ##........   100%        8
 Absolute Zero            Ice            ##........   100%        9
 Dragon's Call            Summ           ##........   100%        9
 Fire Storm               Conj/Fire      ##........   100%        9
 Shatter                  Erth           ##........   100%        9
 Tornado                  Air            ##........   100%        9


Dungeon Overview and Level Annotations

Branches:
Dungeon (15/15)            Temple (1/1) D:6            Lair (6/6) D:9
  Swamp (4/4) Lair:4       Spider (4/4) Lair:2        Slime (5/5) Lair:6
    Orc (2/2) D:12            Elf (3/3) Orc:2        Vaults (5/5) D:14
  Crypt (3/3) Vaults:3       Tomb (0/3) Crypt:3      Depths (5/5) D:15
   Hell (visited)             Dis (7/7) Hell            Geh (7/7) Hell
    Coc (7/7) Hell            Tar (7/7) Hell            Zot (0/5) Depths:5
  IceCv (visited)         Gauntlet (visited)

Altars:
Ashenzari
Cheibriados
Dithmenos
Elyvilon
Fedhas
Gozag
Hepliaklqana
Kikubaaqudgha
Makhleb
Nemelex Xobeh
Okawaru
Qazlal
Ru
Sif Muna
Trog
Uskayaw
Vehumet
Wu Jian
Xom
Yredelemnul
Zin
The Shining One
Beogh
Jiyva

Shops:
D:9 (   D:10 }   D:11 (   D:15 (   Orc:1 [   Orc:2 **(}[?(=   Elf:1 *   Elf:3 (
Swamp:2 [   Vaults:1 (?=?((   Vaults:5 *   Hell *:*[   Depths:1 ***

Portals:
Hell: Depths:1 Depths:2 Depths:3 Depths:4 Depths:5
Abyss: Depths:4
Pandemonium: Orc:2 Depths:2 Depths:3
Ziggurat: Depths:3

Annotations:
Depths:1 1 runed translucent door


Innate Abilities, Weirdness & Mutations

You reflexively headbutt those who attack you in melee.
You have a pair of horns on your head.
You have an increased reservoir of magic. (+10% MP)


Message History

You are too injured to fight recklessly!
You are too injured to fight recklessly!
There are monsters nearby!
A smoke demon comes into view.
The tormentor calls on the powers of darkness!
Your body is wracked with pain!
* * * LOW HITPOINT WARNING * * *
The tormentor calls on the powers of darkness!
Your body is wracked with pain!
* * * LOW HITPOINT WARNING * * *
The hellion gestures at you.
The sphere of damnation explodes!
The damnation engulfs you!!
* * * LOW HITPOINT WARNING * * *
The damnation engulfs the hellion.
The hellion completely resists.
Press: ? - help, Dir - move target cursor You are very lightly contaminated with residual magic.
As you read the scroll of blinking, it crumbles to dust.
The hellion gestures at you.
The sphere of damnation explodes!
The damnation engulfs you!!
You die...

###########3. ##.........2..
#........6.... #.....&2..22..
################@##########..
.................#
.................#
######..####.....# # #..#
#..[### # #..# #...# # #..#
#...# #### ##### #
#..####..)########..# #...# #
#........)..........###...#


You could see Guat and a hellion.

Vanquished Creatures
  Cerebov (Pan)
  Antaeus (Coc:7)
  Asmodeus (Geh:7)
  the Royal Jelly (Slime:5)
  Ereshkigal (Tar:7)
  Gloorx Vloq (Pan)
  Mnoleg (Pan)
  Lom Lobon (Pan)
  the Serpent of Hell (Coc:7)
  Dispater (Dis:7)
  Mara (Spider:3)
  A juggernaut (Depths:3)
  3 ancient liches
  Mennas (Vaults:2)
  Frederick (Vaults:3)
  25 shard shrikes
  Bai Suzhen (Spider:4)
  Margery (Vaults:2)
  Saint Roka (Vaults:4)
  A caustic shrike (Depths:3)
  2 golden dragons
  Nikola (Spider:3)
  Geryon (Hell)
  3 profane servitors
  Arachne (Spider:3)
  42 bone dragons
  13 doom hounds
  62 Brimstone Fiends
  2 hellephants (Abyss:2)
  18 iron giants
  75 Tzitzimimeh
  A shard shrike zombie (Crypt:3)
  46 Ice Fiends
  8 tentacled monstrosities
  40 liches
  Asterion (Vaults:2)
  42 Hell Sentinels
  7 titans
  3 deep elf blademasters
  2 deep elf master archers (Elf:3)
  The ghost of KristoblXynda the Grappler, an adept TrWz of Ashenzari (Spider:3)
  6 quicksilver dragons
  5 sphinxes
  Frances (Swamp:2)
  36 acid blobs
  2 thorn hunters (Swamp:4)
  67 tentacled starspawn
  76 Executioners
  10 shadow dragons
  2 eldritch tentacles (Pan)
  22 ancient champions
  5 storm dragons
  32 pandemonium lords (Pan)
  Gastronok (Lair:1)
  12 tengu reavers
  19 azure jellies
  Roxanne (Spider:3)
  7 iron dragons
  A draconian scorcher (Depths:5)
  7 revenants
  31 blood saints (Pan)
  13 deep elf sorcerers
  81 balrugs
  3 ghost moths
  12 vault wardens
  5 daevas
  30 warmongers (Pan)
  11 fire giants
  A draconian knight (Abyss:1)
  16 frost giants
  A caustic shrike zombie (Hell)
  76 cacodemons
  Louise (Swamp:1)
  2 angels (Pan)
  Aizul (Depths:2)
  A draconian shifter (Depths:5)
  4 curse skulls
  9 deep elf elementalists
  5 emperor scorpions (Spider:4)
  A spriggan defender (Depths:3)
  10 ghouls
  40 very ugly things
  23 war gargoyles
  159 reapers
  7 entropy weavers
  10 ironheart preservers
  2 draconian stormcallers
  7 elemental wellsprings
  24 stone giants
  A caustic shrike skeleton (Depths:4)
  4 draconian annihilators
  A green draconian (Depths:5)
  28 corrupters
  2 ophanim
  18 black suns (Pan)
  38 lorocyprocas
  6 spark wasps
  8 vampire knights
  A purple draconian (Abyss:3)
  11 deep elf demonologists
  3 black draconians (Abyss:3)
  A minotaur (Gauntlet)
  5 white draconians
  6 yellow draconians
  10 deep elf annihilators
  18 ettins
  38 green deaths
  5 death oozes
  11 eidola
  11 deep elf death magi
  11 quicksilver dragon zombies
  9 deep elf high priests
  77 blizzard demons
  A kraken zombie (Coc:5)
  21 jiangshi
  15 yaktaur captains
  13 fire dragons
  13 rakshasas
  25 great orbs of eyes
  Josephine (D:12)
  The ghost of Turbonekonecno the Covert, a journeyman OpVM of Sif Muna (Lair:1)
  The ghost of mandick the Unseen, a journeyman KoBr of Dithmenos (Lair:1)
  32 ice dragons
  16 hell beasts
  The ghost of Doclis the Spear-Bearer, a journeyman MfGl of Okawaru (Lair:1)
  9 quicksilver dragon skeletons
  26 hydras
  42 monstrous demonspawn (Pan)
  3 spriggan air magi
  2 juggernaut simulacra (Pan)
  A naga warrior (Abyss:1)
  A two-headed ogre (shapeshifter) (Vaults:5)
  Erica (D:8)
  4 death knights
  2 shambling mangroves (Swamp:3)
  30 vault guards
  7 ghost crabs
  12 alligators
  28 two-headed ogres
  10 ogre magi
  9 centaur warriors
  6 catoblepae
  6 tengu warriors
  9 death yaks
  19 vampire magi
  3 dancing weapons (Pan)
  7 deep troll shamans
  A spectral fire giant (Crypt:3)
  4 deep troll earth magi
  48 thrashing horrors
  6 holy swine (Pan)
  17 titan zombies
  82 hell hogs
  15 deep elf knights
  23 iron golems
  74 hell knights
  A spectral dire elephant (Crypt:3)
  5 spriggan berserkers
  14 storm dragon zombies
  130 soul eaters
  6 orc high priests (Orc:2)
  223 sun demons
  16 titan skeletons
  103 sixfirhies
  17 spriggans
  Sonja (Lair:6)
  44 wretched stars
  238 skeletal warriors
  2 fire crabs (Abyss:4)
  13 iron trolls
  19 shadow wraiths
  26 flayed ghosts
  25 deep trolls
  9 golden dragon zombies
  31 infernal demonspawn (Pan)
  3 death drakes
  19 spatial maelstroms
  6 ghost moth zombies
  15 swamp dragons
  41 gelid demonspawn
  12 wizards
  A quicksilver dragon simulacrum (Abyss:2)
  56 shadow demons
  28 torturous demonspawn (Pan)
  10 storm dragon skeletons
  6 unseen horrors
  19 glowing orange brains
  A swamp dragon (shapeshifter) (Vaults:3)
  A spark wasp zombie (Hell)
  25 anaconda zombies
  A spectral hydra (Crypt:3)
  5 tengu zombies
  An obsidian statue (Gauntlet)
  9 golden dragon skeletons
  A naga ritualist (Depths:1)
  19 deep elf archers
  29 necromancers
  15 anaconda skeletons
  19 orc knights
  23 stone giant zombies
  11 iron dragon zombies
  2 sphinx zombies
  12 shadow dragon zombies
  17 ironbrand convokers
  2 manticores (shapeshifter)
  10 wolf spider zombies
  6 cyclopes
  15 frost giant zombies
  39 phantasmal warriors
  A tengu skeleton (Vaults:4)
  A harpy (shapeshifter) (Vaults:2)
  14 shadow dragon skeletons
  5 oklob plants
  2 wolf spiders (shapeshifter)
  67 deep elf magi
  A salamander (shapeshifter) (Abyss:3)
  9 shining eyes
  69 ugly things
  21 orb spiders
  8 orc sorcerers
  207 slime creatures
  14 elephants
  Maurice (D:9)
  13 iron dragon skeletons
  19 worldbinders
  A spectral ettin (Crypt:3)
  29 wolf spiders
  19 fire giant zombies
  16 frost giant skeletons
  3 manticores
  276 starcursed masses
  16 stone giant skeletons
  4 shock serpent zombies
  3 guardian serpents
  4 moths of wrath
  A naga mage (Abyss:1)
  7 black mambas
  62 rust devils
  18 molten gargoyles
  17 fire giant skeletons
  10 vault sentinels
  2 centaur zombies (D:15)
  6 eyes of devastation
  171 smoke demons
  A yaktaur zombie (Hell)
  2 guardian serpents (shapeshifter)
  5 gargoyles
  2 shock serpent skeletons
  2 titan simulacra
  Joseph (D:9)
  111 orange demons
  5 kobold demonologists
  A storm dragon simulacrum (Coc:6)
  9 dire elephant skeletons
  5 torpor snails
  10 dire elephant zombies
  8 ice statues
  129 hellions
  3 minotaur zombies
  20 cane toads
  11 apocalypse crabs
  11 human zombies
  An alligator snapping turtle skeleton (Crypt:1)
  4 anaconda simulacra
  5 elf skeletons
  7 emperor scorpion zombies
  146 tormentors
  A death yak skeleton (Crypt:1)
  6 rime drakes
  2 tengu conjurers
  5 catoblepas zombies
  21 efreet
  6 komodo dragons
  A death yak zombie (Crypt:3)
  A komodo dragon (shapeshifter) (Depths:3)
  2 spriggan zombies (Hell)
  66 freezing wraiths
  39 yaktaurs
  62 ice devils
  51 demonic crawlers
  125 red devils
  A yaktaur (shapeshifter) (Depths:3)
  35 ancient zymes
  2 minotaur skeletons
  A yaktaur skeleton (Vaults:3)
  70 hellwings
  3 human skeletons
  2 golden dragon simulacra
  A queen bee (shapeshifter) (Vaults:1)
  A troll (shapeshifter) (Depths:3)
  A jumping spider (shapeshifter) (Vaults:4)
  4 catoblepas skeletons
  5 harpy zombies
  24 polar bears
  A queen bee (Spider:1)
  A tyrant leech (shapeshifter) (Vaults:5)
  47 hydra zombies
  A wolf spider simulacrum (Coc:5)
  A meliai (shapeshifter) (Vaults:1)
  21 hydra skeletons
  34 jumping spiders
  7 silent spectres
  A jumping spider zombie (Crypt:2)
  10 trolls
  15 tyrant leeches
  9 meliai
  A death drake zombie (Crypt:1)
  An iron dragon simulacrum (Coc:3)
  32 blink frogs
  9 alligator zombies
  34 hornets
  110 raiju
  21 fire dragon zombies
  9 harpy skeletons
  9 hippogriffs
  3 deep troll zombies (Hell)
  15 ice dragon zombies
  28 bog bodies
  11 ettin zombies
  A frost giant simulacrum (Coc:7)
  A dream sheep (D:14)
  2 centaur simulacra
  A stone giant simulacrum (Abyss:2)
  57 redbacks
  18 water elementals
  15 ettin skeletons
  299 flying skulls
  64 shadows
  76 wraiths
  3 air elementals
  2 black mamba zombies
  A tarantella (shapeshifter) (Depths:1)
  13 wyverns
  14 fire dragon skeletons
  4 vampires
  278 large abominations
  27 tarantellas
  A shock serpent simulacrum (Abyss:4)
  143 ynoxinuls
  3 hogs (shapeshifter)
  11 ice dragon skeletons
  Grum (Lair:1)
  2 dire elephant simulacra
  52 yaks
  37 fire elementals
  3 black mamba skeletons
  7 alligator skeletons
  2 elf zombies
  20 fire bats
  3 basilisks (shapeshifter)
  7 golden eyes
  A steam dragon (shapeshifter) (Depths:3)
  7 basilisks
  16 vampire mosquitoes
  155 chaos spawn
  32 insubstantial wisps
  95 neqoxecs
  Menkaure (D:4)
  17 spatial vortices
  6 wargs
  A harpy simulacrum (Coc:7)
  5 nagas
  A soldier ant (shapeshifter) (Abyss:3)
  18 swamp worms
  Duvessa (D:3)
  An infernal demonspawn zombie (Dis:1)
  207 hell hounds
  3 merfolk zombies
  3 acid dragons
  5 hydra simulacra
  3 floating eyes (Depths:3)
  2 orb spider zombies
  A merfolk skeleton (Tar:7)
  11 water moccasins
  8 porcupines
  25 cane toad zombies
  A monstrous demonspawn skeleton (Crypt:1)
  14 swamp drakes
  A floating eye (shapeshifter) (Depths:1)
  20 ice beasts
  A two-headed ogre skeleton (Crypt:2)
  15 phantoms
  15 cane toad skeletons
  14 snapping turtle zombies
  42 orc warriors
  5 sky beasts
  3 black bears (shapeshifter)
  17 eyes of draining
  2 fire dragon simulacra
  125 small abominations
  2 black bears
  2 ettin simulacra
  3 hornet zombies
  2 alligator simulacra
  26 ogres
  5 swamp dragon zombies
  5 manticore zombies
  A tengu (shapeshifter) (Elf:3)
  33 wolves
  6 boggarts (Depths:3)
  63 necrophages
  7 snapping turtle skeletons
  20 centaurs
  3 swamp dragon skeletons
  7 manticore skeletons
  8 crocodiles
  A big kobold (Abyss:4)
  A salamander zombie (Crypt:2)
  12 earth elementals
  A wyvern zombie (D:14)
  18 bullfrogs
  Dowan (D:3)
  A cane toad simulacrum (Coc:6)
  A deep troll simulacrum (Vaults:3)
  A wyvern skeleton (D:12)
  6 scorpions
  A human simulacrum (Vaults:2)
  A troll zombie (Abyss:3)
  16 killer bees
  132 wights
  3 electric eels
  2 troll skeletons
  3 howler monkeys
  19 crimson imps
  13 hounds
  22 quasits
  2 bullfrog zombies
  A wyvern simulacrum (Gauntlet)
  5 centaur skeletons
  25 orc priests
  A bullfrog skeleton (D:11)
  98 iron imps
  4 jellies
  Ijyb (D:3)
  3 iguanas
  Natasha (thrice) (D:3)
  29 orc wizards
  17 hell rats
  10 worker ants
  A naga zombie (Dis:5)
  A bullfrog simulacrum (Gauntlet)
  A felid zombie (Crypt:1)
  A naga skeleton (Tar:6)
  An acid dragon skeleton (Crypt:1)
  2 ogre skeletons
  A hound skeleton (D:4)
  15 mummies
  A howler monkey skeleton (D:6)
  2 worker ant zombies (D:10)
  Robin (D:2)
  20 adders
  6 river rats (D:7)
  31 shadow imps
  52 white imps
  3 oozes
  13 ufetubi
  A worm zombie (Crypt:1)
  A halfling skeleton (Crypt:2)
  3 worms
  A ball lightning (Pan)
  4 dart slugs
  3 leopard geckos
  119 orcs
  2 ball pythons
  9 bats
  2 giant cockroaches
  A gnoll zombie (Crypt:1)
  14 goblins
  5 hobgoblins
  10 jackals
  13 quokkas
  A ball python skeleton (Crypt:3)
  A dart slug zombie (Crypt:1)
  4 frilled lizards
  16 kobolds
  3 kobold zombies
  A leopard gecko zombie (D:5)
  An orc skeleton (Abyss:1)
  21 rats
  5 fire vortices (Pan)
  A fungus (D:13)
  2 lurking horrors
  2 plants
  53 starspawn tentacles
  3 tentacles (Coc:5)
9441 creatures vanquished.

Vanquished Creatures (others)
  A pandemonium lord (Pan)
  3 tentacled starspawn (Abyss:1)
  6 eldritch tentacles (Pan)
  A fire giant (Vaults:4)
  A balrug (Geh:7)
  A deep elf elementalist (Elf:3)
  A blood saint (Pan)
  2 reapers (Pan)
  An elemental wellspring (Coc:7)
  A lorocyproca (Pan)
  A blizzard demon (Pan)
  A hell beast (Pan)
  25 dancing weapons
  7 hell hogs
  2 sun demons (Pan)
  A skeletal warrior (Dis:4)
  A gelid demonspawn (Pan)
  A torturous demonspawn (Pan)
  A flayed ghost (Geh:7)
  A wizard (Pan)
  A shadow demon (Pan)
  A wolf spider zombie (Geh:6)
  An iron dragon zombie (Tar:5)
  A large abomination (Pan)
  A fire giant zombie (Geh:6)
  A cane toad (Swamp:1)
  A smoke demon (Pan)
  A hellion (Pan)
  2 tormentors
  2 hellwings (Pan)
  An ice devil (Pan)
  2 hydra skeletons (Geh:6)
  A bog body (Swamp:4)
  4 dream sheep (D:14)
  A raiju (Abyss:4)
  2 redbacks (Spider:4)
  5 flying skulls
  A centaur simulacrum (D:14)
  A ynoxinul (Pan)
  A shadow (Geh:4)
  2 wraiths
  A fire dragon skeleton (Geh:6)
  2 chaos spawn
  A golden eye (Slime:2)
  A swamp worm (Swamp:2)
  A hell hound (Geh:7)
  A swamp drake (Swamp:4)
  2 orc warriors (Vaults:4)
  A snapping turtle zombie (Geh:7)
  2 boggarts (Depths:3)
  An elf zombie (Geh:4)
  6 wights
  2 crimson imps (Geh:6)
  An orc priest (Vaults:4)
  An iron imp (Dis:7)
  A centaur skeleton (Geh:7)
  An orc wizard (D:5)
  6 small abominations
  2 shadow imps (Tar:2)
  A white imp (Geh:6)
  An ooze (Abyss:3)
  26 ball lightnings (Pan)
  2 orcs (Vaults:4)
  2 kobolds (Abyss:5)
  An orc skeleton (Geh:6)
  19 bushes
  3 demonic plants (Pan)
  A fire vortex (Pan)
  13 fungi
  8 lurking horrors
  19 plants
  137 starspawn tentacles
  2 tentacles (Coc:5)
  4 toadstools (D:13)
  14 withered plants
378 creatures vanquished.

Grand Total: 9819 creatures vanquished

Notes
Turn   | Place    | Note
-------+----------+-------------------------------------------
     0 | D:1      | Infinimo the Minotaur Fighter began the quest for the Orb.
     0 | D:1      | Reached XP level 1. HP: 19/19 MP: 0/0
    89 | D:1      | Reached XP level 2. HP: 26/27 MP: 1/1
   321 | D:1      | Reached XP level 3. HP: 33/33 MP: 2/2
   520 | D:2      | Found a bloodstained altar of Trog.
   596 | D:2      | Found a sparkling altar of Nemelex Xobeh.
   608 | D:2      | Noticed Robin
   617 | D:2      | Killed Robin
   617 | D:2      | Reached XP level 4. HP: 40/40 MP: 3/3
   744 | D:2      | Found an iron altar of Okawaru.
  1085 | D:2      | Found a shattered altar of Ashenzari.
  1088 | D:2      | Found a shimmering altar of Xom.
  1103 | D:2      | Found a white marble altar of Elyvilon.
  1185 | D:2      | Found a radiant altar of Vehumet.
  1673 | D:3      | Noticed Natasha
  1679 | D:3      | Killed Natasha
  1679 | D:3      | Reached XP level 5. HP: 43/47 MP: 4/4
  1883 | D:3      | Found a glowing golden altar of the Shining One.
  2080 | D:3      | Noticed Natasha
  2088 | D:3      | Killed Natasha
  2255 | D:3      | Found a hazy altar of Hepliaklqana.
  2347 | D:4      | Noticed Duvessa
  2347 | D:4      | Noticed Dowan
  2348 | D:4      | Noticed Ijyb
  2356 | D:3      | Reached skill level 5 in Maces & Flails
  2359 | D:3      | Noticed Natasha
  2367 | D:3      | Killed Natasha
  2367 | D:3      | Reached XP level 6. HP: 53/55 MP: 5/5
  2436 | D:3      | Killed Ijyb
  2436 | D:3      | Reached skill level 5 in Armour
  2550 | D:3      | Killed Duvessa
  2550 | D:3      | Reached skill level 5 in Fighting
  2550 | D:3      | Reached skill level 5 in Shields
  2552 | D:3      | Killed Dowan
  2682 | D:4      | Found a shadowy altar of Dithmenos.
  2731 | D:4      | Reached XP level 7. HP: 58/61 MP: 6/6
  2820 | D:4      | Found a burning altar of Makhleb.
  2820 | D:4      | Noticed a blizzard demon
  2963 | D:4      | You fall into a shaft and drop 3 floors!
  3245 | D:5      | Entered Level 5 of the Dungeon
  4295 | D:4      | Noticed Menkaure
  4303 | D:4      | Killed Menkaure
  4303 | D:4      | Reached XP level 8. HP: 60/70 MP: 7/7
  5114 | D:6      | Found a staircase to the Ecumenical Temple.
  5188 | D:6      | Found an opulent altar of Gozag.
  5188 | D:6      | Noticed an oklob plant
  5507 | D:6      | Killed an oklob plant
  5512 | D:6      | Became a worshipper of Gozag Ym Sagoz the Greedy
  5580 | D:6      | Found an ornate altar of the Wu Jian Council.
  6575 | D:7      | Reached XP level 9. HP: 79/79 MP: 8/8
  6924 | D:7      | Found a blossoming altar of Fedhas.
  6924 | D:7      | Found an opulent altar of Gozag.
  7102 | D:8      | Noticed Erica
  7114 | D:8      | Killed Erica
  7114 | D:8      | Reached skill level 10 in Maces & Flails
  8279 | D:9      | You fall into a shaft and drop 1 floor!
  8279 | D:10     | Entered Level 10 of the Dungeon
  8393 | D:10     | Found Wadet's Gadget Shop.
  8508 | D:10     | Reached XP level 10. HP: 83/89 MP: 9/9
  9548 | D:9      | Found an ancient bone altar of Kikubaaqudgha.
  9602 | D:9      | Noticed Maurice
  9603 | D:9      | Found Cudd's Antique Weapon Emporium.
  9628 | D:9      | Killed Maurice
  9652 | D:9      | Noticed Joseph
  9674 | D:9      | Killed Joseph
  9752 | D:9      | Found a staircase to the Lair.
 10084 | Lair:1   | Entered Level 1 of the Lair of Beasts
 10101 | Lair:1   | Noticed Gastronok
 10120 | Lair:1   | Killed Gastronok
 10153 | Lair:1   | Reached XP level 11. HP: 98/98 MP: 10/10
 10300 | Lair:1   | Found a runed translucent gate.
 10301 | Lair:1   | Found a runed translucent gate.
 10302 | Lair:1   | Found a runed translucent gate.
 10303 | Lair:1   | Noticed Turbonekonecno's ghost (journeyman OpVM)
 10303 | Lair:1   | Noticed Doclis's ghost (journeyman MfGl)
 10303 | Lair:1   | Noticed mandick's ghost (journeyman KoBr)
 10338 | Lair:1   | Reached skill level 10 in Fighting
 10338 | Lair:1   | Reached skill level 10 in Armour
 10361 | Lair:1   | Reached skill level 10 in Shields
 10682 | Lair:1   | Noticed Grum
 10697 | Lair:1   | Killed Grum
 11257 | Lair:1   | Killed mandick's ghost
 11276 | Lair:1   | Killed Turbonekonecno's ghost
 11294 | Lair:1   | Killed Doclis's ghost
 11903 | Lair:2   | Reached XP level 12. HP: 110/110 MP: 11/11
 12427 | Lair:2   | Found a hole to the Spider Nest.
 13165 | Lair:3   | Reached skill level 15 in Maces & Flails
 13219 | Lair:3   | Noticed an eight-headed hydra
 13232 | Lair:3   | Killed an eight-headed hydra
 14204 | Lair:3   | Noticed an eight-headed hydra
 14213 | Lair:3   | Killed an eight-headed hydra
 14763 | Lair:3   | Noticed an eight-headed hydra
 14770 | Lair:3   | Killed an eight-headed hydra
 15067 | Lair:4   | Reached XP level 13. HP: 100/118 MP: 12/12
 15782 | Lair:4   | Found a staircase to the Swamp.
 16927 | Lair:5   | Got a warped bronze ring
 17061 | Lair:5   | Identified the ring "Cokep" {+Fly rPois Str+3 SInv} (You
                  | found it on level 5 of the Lair of Beasts)
 17076 | Lair:6   | Entered Level 6 of the Lair of Beasts
 17237 | Lair:6   | Found a gate leading to a gauntlet.
 17262 | Gauntlet | Entered a Gauntlet
 17262 | Gauntlet | Found a transporter.
 17276 | Gauntlet | Found a transporter.
 17278 | Gauntlet | Found a transporter.
 17279 | Gauntlet | Found a transporter.
 17287 | Gauntlet | Found a transporter.
 17290 | Gauntlet | Found a transporter.
 17291 | Gauntlet | Found a transporter.
 17302 | Gauntlet | Found a transporter.
 17303 | Gauntlet | Found a transporter.
 17303 | Gauntlet | Found a transporter.
 17311 | Gauntlet | Found a transporter.
 17314 | Gauntlet | Found a transporter.
 17315 | Gauntlet | Found a transporter.
 17317 | Gauntlet | Noticed a death ooze
 17319 | Gauntlet | Found a runed translucent door.
 17321 | Gauntlet | Found a runed translucent door.
 17323 | Gauntlet | Found a transporter.
 17728 | Gauntlet | Killed a death ooze
 17738 | Gauntlet | Got a polished cloak
 17754 | Gauntlet | Identified the +3 cloak of the Dwarven Hall {*Slow Regen+
                  | Int-4 Dex+8} (You found it in a Gauntlet)
 17806 | Gauntlet | Identified the +7 morningstar "Miozunu" {freeze, rC++}
 17806 | Gauntlet | Noticed a minotaur
 17818 | Gauntlet | Killed a minotaur
 18046 | Gauntlet | Got a clouded amber ring
 18221 | Lair:6   | Noticed Sonja
 18233 | Lair:6   | Killed Sonja
 18237 | Lair:6   | Identified the ring "Culus" {rElec rPois rF+ Int-2 Dex+6}
                  | (You found it in a Gauntlet)
 19015 | Lair:6   | Reached XP level 14. HP: 129/129 MP: 13/13
 20614 | D:11     | Bought a glowing morningstar for 231 gold pieces
 20883 | D:12     | Noticed Josephine
 20896 | D:12     | Killed Josephine
 21095 | D:12     | Found a roughly hewn altar of Beogh.
 21095 | D:12     | Found a staircase to the Orcish Mines.
 21894 | D:12     | Identified 2 scrolls of acquirement
 21896 | D:12     | Acquired 1420 gold pieces
 21901 | D:12     | Acquired a +5 eveningstar of venom
 21975 | Orc:1    | Entered Level 1 of the Orcish Mines
 22025 | Orc:1    | Found Elobid's Armour Emporium.
 22609 | Orc:2    | Entered Level 2 of the Orcish Mines
 22609 | Orc:2    | Found a staircase to the Elven Halls.
 22722 | Orc:2    | Found a roughly hewn altar of Beogh.
 22949 | Orc:2    | Found Neoryr's General Store.
 22950 | Orc:2    | Found Luagutakh's General Store.
 23604 | Orc:2    | Reached XP level 15. HP: 126/139 MP: 14/14
 23939 | Orc:2    | Bought a potion of haste for 170 gold pieces
 23939 | Orc:2    | Bought a scroll of teleportation for 51 gold pieces
 23941 | Orc:2    | Bought a scroll of teleportation for 36 gold pieces
 23981 | Orc:2    | Found Ypholy's Antique Weapon Boutique.
 23981 | Orc:2    | Found a one-way gate leading to the halls of Pandemonium.
 23981 | Orc:2    | Found Ummiug Ykko's Gadget Shop.
 24337 | Orc:2    | Bought the amulet of Ybaydaz {Fragile rF++ Regen+ Int+3
                  | Dex-2} for 1020 gold pieces
 24357 | Orc:2    | Bought a +1 plate armour of cold resistance for 490 gold
                  | pieces
 24371 | Orc:2    | Bought an ebony morningstar for 261 gold pieces
 24372 | Orc:2    | Identified the +6 morningstar of Royalism {pain, *Slow +Fly
                  | Str+9 Stlth-} (You bought it in a shop on level 2 of the
                  | Orcish Mines)
 24849 | D:13     | Found a portal to a secret trove of treasure.
 25233 | D:14     | Found a shimmering altar of Xom.
 25352 | D:14     | You are sucked into a shaft and drop 1 floor!
 25352 | D:15     | Entered Level 15 of the Dungeon
 25352 | D:15     | Found a frozen archway.
 25386 | IceCv    | Entered an ice cave
 25698 | IceCv    | Reached skill level 15 in Armour
 25755 | IceCv    | Reached skill level 15 in Fighting
 25763 | IceCv    | Reached skill level 15 in Shields
 25861 | IceCv    | Noticed a frost giant
 25862 | IceCv    | Found the +7 captain's cutlass {speed, disarm}
 25870 | IceCv    | Killed a frost giant
 25947 | IceCv    | Identified the Tome of the Glacier
 26448 | D:15     | Found Jap Pykamokk's Antique Weapon Shop.
 27277 | D:14     | Reached XP level 16. HP: 140/149 MP: 15/15
 27596 | D:14     | Found a gate to the Vaults.
 28054 | D:15     | Found a staircase to the Depths.
 28578 | D:15     | Got a transparent helmet
 29088 | Swamp:1  | Entered Level 1 of the Swamp
 29157 | Swamp:1  | Noticed Louise
 29159 | Swamp:1  | Killed Louise
 29916 | Swamp:2  | Noticed Frances
 30162 | Swamp:2  | Killed Frances
 30292 | Swamp:2  | Bought warped ice dragon scales for 2210 gold pieces
 30292 | Swamp:2  | Bought a pair of distressingly furry boots for 323 gold
                  | pieces
 30305 | Swamp:2  | Identified the +2 pair of boots of the Nightingale {-Cast
                  | Regen+ Str+9} (You bought it in a shop on level 2 of the
                  | Swamp)
 30315 | Swamp:2  | Identified the cursed +0 ice dragon scales of the Hidden
                  | Wars {rF- rC++ Int+3} (You bought it in a shop on level 2
                  | of the Swamp)
 31823 | Swamp:4  | Entered Level 4 of the Swamp
 31823 | Swamp:4  | Noticed a tentacled monstrosity
 31835 | Swamp:4  | Killed a tentacled monstrosity
 31835 | Swamp:4  | Reached XP level 17. HP: 136/159 MP: 16/16
 32948 | Swamp:4  | Got a decaying rune of Zot
 33295 | Spider:1 | Entered Level 1 of the Spider Nest
 33962 | Spider:1 | Acquired the +13 crystal plate armour of Wasted Space {rC+
                  | Str+3}
 35401 | Spider:3 | Noticed Roxanne
 35449 | Spider:3 | Reached XP level 18. HP: 136/170 MP: 17/17
 35662 | Spider:3 | Noticed Arachne
 35680 | Spider:3 | Killed Arachne
 35906 | Spider:3 | Noticed Mara
 35913 | Spider:3 | Noticed Infinimo's illusion
 35923 | Spider:3 | Killed Mara
 36157 | Spider:3 | Noticed Nikola
 36170 | Spider:3 | Killed Nikola
 36268 | Spider:3 | Found a runed translucent door.
 36268 | Spider:3 | Noticed KristoblXynda's ghost (adept TrWz)
 36294 | Spider:3 | Killed KristoblXynda's ghost
 36298 | Spider:3 | Got a slimy platinum ring
 36300 | Spider:3 | Identified the ring of Sibuocsio {*Drain +Inv rPois AC+4
                  | SInv} (You found it on level 3 of the Spider Nest)
 36425 | Spider:3 | Killed Roxanne
 36434 | Spider:4 | Entered Level 4 of the Spider Nest
 36939 | Spider:4 | Got a gossamer rune of Zot
 37061 | Spider:4 | Noticed Bai Suzhen
 37087 | Spider:4 | Killed Bai Suzhen
 37722 | Vaults:1 | Entered Level 1 of the Vaults
 37803 | Vaults:1 | Found Fuzinoeck's Weapon Boutique.
 37919 | Vaults:1 | Reached XP level 19. HP: 167/179 MP: 18/18
 38503 | Vaults:1 | Found Amuuj's Magic Scroll Boutique.
 38509 | Vaults:1 | Bought a scroll of acquirement for 832 gold pieces
 38509 | Vaults:1 | Bought a scroll of teleportation for 48 gold pieces
 38545 | Vaults:1 | Acquired 1090 gold pieces
 38617 | Vaults:1 | Found a huge runed gate.
 38617 | Vaults:1 | Found a huge runed gate.
 38618 | Vaults:1 | Found a huge runed gate.
 38618 | Vaults:1 | Found a huge runed gate.
 38618 | Vaults:1 | Found a huge runed gate.
 38618 | Vaults:1 | Found a huge runed gate.
 38618 | Vaults:1 | Found a huge runed gate.
 38618 | Vaults:1 | Found a huge runed gate.
 38620 | Vaults:1 | Found a huge runed gate.
 38620 | Vaults:1 | Found a huge runed gate.
 38620 | Vaults:1 | Found a huge runed gate.
 38620 | Vaults:1 | Found a huge runed gate.
 38620 | Vaults:1 | Found a huge runed gate.
 38621 | Vaults:1 | Found a huge runed gate.
 38622 | Vaults:1 | Found a huge runed gate.
 38623 | Vaults:1 | Found a huge runed gate.
 38624 | Vaults:1 | Found a huge runed gate.
 38629 | Vaults:1 | Found Zeul's Antique Weapon Emporium.
 38640 | Vaults:1 | Found a huge runed gate.
 38640 | Vaults:1 | Found a huge runed gate.
 38640 | Vaults:1 | Found a huge runed gate.
 38640 | Vaults:1 | Found a huge runed gate.
 38640 | Vaults:1 | Found a huge runed gate.
 38641 | Vaults:1 | Found a huge runed gate.
 38642 | Vaults:1 | Found a huge runed gate.
 38643 | Vaults:1 | Found a huge runed gate.
 38644 | Vaults:1 | Found a huge runed gate.
 38659 | Vaults:1 | Found a huge runed gate.
 38659 | Vaults:1 | Found a huge runed gate.
 38659 | Vaults:1 | Found a huge runed gate.
 38659 | Vaults:1 | Found a huge runed gate.
 38659 | Vaults:1 | Found a huge runed gate.
 38664 | Vaults:1 | Found a huge runed gate.
 38665 | Vaults:1 | Found a huge runed gate.
 38666 | Vaults:1 | Found a huge runed gate.
 38667 | Vaults:1 | Found a huge runed gate.
 38674 | Vaults:1 | Found a huge runed gate.
 39495 | Vaults:2 | Noticed Margery
 39507 | Vaults:2 | Killed Margery
 39793 | Vaults:2 | Noticed a Tzitzimitl
 40279 | Vaults:2 | Reached XP level 20. HP: 191/191 MP: 19/19
 40379 | Vaults:2 | Noticed Mennas
 40423 | Vaults:2 | Killed Mennas
 40983 | Vaults:2 | Noticed Asterion
 41001 | Vaults:2 | Killed Asterion
 41366 | D:13     | You paid a toll of a +6 demon whip to enter a treasure
                  | trove
 41367 | Trove    | Entered a treasure trove
 41370 | Trove    | Found the +2 hood of the Assassin {Detection Stab+ Stlth++}
 41371 | Trove    | Found the +3 hat of Pondering {ponderous, MR+ MP+10 Int+5}
 41390 | Trove    | Got an ichor-stained tower shield
 41397 | Trove    | Got a pair of shimmering gloves
 41429 | D:13     | Identified the +5 tower shield "Wuypt" {rC++ MR+++ SInv}
                  | (You found it in a treasure trove)
 41469 | D:13     | Identified the +0 pair of gloves "Okeug" {Regen+ rCorr
                  | Int+9 Dex-3} (You found it in a treasure trove)
 41656 | Vaults:1 | Bought a scroll of acquirement for 1040 gold pieces
 41657 | Vaults:1 | Acquired 1800 gold pieces
 41669 | Vaults:1 | Bought a scroll of acquirement for 1040 gold pieces
 41670 | Vaults:1 | Acquired 620 gold pieces
 41942 | Vaults:3 | Noticed Frederick
 41955 | Vaults:3 | Killed Frederick
 42824 | Vaults:3 | Found a staircase to the Crypt.
 43036 | Vaults:3 | Acquired the ring of the Nightingale {rC+ rN+ Dex+6 Slay+3}
 43258 | Vaults:4 | Reached XP level 21. HP: 191/203 MP: 20/20
 43299 | Vaults:4 | Found a flickering gateway to a bazaar.
 43311 | Bazaar   | Entered a bazaar
 43319 | Bazaar   | Found Etetis's Assorted Antiques.
 43326 | Bazaar   | Bought a pair of embroidered boots for 352 gold pieces
 43356 | Bazaar   | Found Obaetzua's Antique Weapon Boutique.
 43370 | Bazaar   | Found Wiran's Distillery.
 43456 | Bazaar   | Bought a potion of haste for 100 gold pieces
 43456 | Bazaar   | Bought a potion of curing for 30 gold pieces
 43456 | Bazaar   | Bought a potion of curing for 30 gold pieces
 43456 | Bazaar   | Bought a potion of curing for 30 gold pieces
 43834 | Vaults:4 | Noticed Saint Roka
 43858 | Vaults:4 | Killed Saint Roka
 44386 | Vaults:5 | Entered Level 5 of the Vaults
 44723 | Vaults:5 | Noticed a golden dragon
 44849 | Vaults:5 | Killed a golden dragon
 45013 | Vaults:5 | Found Luino's Assorted Antiques.
 45016 | Vaults:5 | Bought a scroll of teleportation for 87 gold pieces
 45016 | Vaults:5 | Bought a potion of heal wounds for 145 gold pieces
 45226 | Vaults:5 | Reached XP level 22. HP: 179/217 MP: 21/21
 45938 | Vaults:5 | Got a steaming lead ring
 46001 | Vaults:5 | Identified the Reference Book on Spatial Heat
 46235 | Vaults:5 | Got a silver rune of Zot
 46550 | Vaults:5 | Found the ring of the Octopus King
 46568 | Vaults:5 | Got a ring of the Octopus King
 46573 | Vaults:5 | Identified the ring "Sevvekku" {rF+ Dex+2} (You found it on
                  | level 5 of the Vaults)
 46574 | Vaults:5 | Identified a ring of the Octopus King {rF+ AC+1 EV+1 Str+1
                  | Int+1 Dex+1} (You found it on level 5 of the Vaults)
 46576 | Vaults:5 | Acquired 2110 gold pieces
 46880 | Depths:1 | Entered Level 1 of the Depths
 47053 | Depths:1 | Bought a fine glass ring for 245 gold pieces
 47053 | Depths:1 | Identified the ring of Wol Roen {*Slow +Fly rC+ Int+7} (You
                  | bought it in a shop on level 1 of the Depths)
 47105 | Depths:1 | Found Gepat's Serpentskin Sales.
 47457 | Depths:1 | Found a runed translucent door.
 47771 | Depths:1 | Found a gateway to Hell.
 47839 | Depths:1 | Bought a scorched kite shield for 294 gold pieces
 47839 | Depths:1 | Bought a scroll of teleportation for 93 gold pieces
 47839 | Depths:1 | Bought a scroll of enchant weapon for 232 gold pieces
 47839 | Depths:1 | Identified the cursed +0 kite shield of Patetuke {*Contam
                  | rPois Str+2 Slay+3} (You bought it in a shop on level 1 of
                  | the Depths)
 47972 | Depths:2 | Noticed Aizul
 47984 | Depths:2 | Killed Aizul
 48239 | Depths:2 | Found the amulet of the Air {Inacc +Fly rElec EV+5 RMsl}
 48938 | Depths:2 | Identified the Papyrus of Displaced Companions
 49039 | Depths:3 | Reached XP level 23. HP: 162/229 MP: 22/22
 49298 | Depths:3 | Found a glowing golden altar of the Shining One.
 49299 | Depths:3 | Found a radiant altar of Vehumet.
 49426 | Depths:3 | Noticed a juggernaut
 49444 | Depths:3 | Killed a juggernaut
 49746 | Depths:3 | Got a pitted lead ring
 49788 | Depths:3 | Noticed a caustic shrike
 49792 | Depths:3 | Killed a caustic shrike
 49855 | Depths:3 | Found a shattered altar of Ashenzari.
 49865 | Depths:3 | Found a gateway to a ziggurat.
 50257 | Depths:3 | Paralysed by a floating eye for 2 turns
 50410 | Depths:4 | Found a transporter.
 50609 | Depths:4 | Found a one-way gate to the infinite horrors of the Abyss.
 50723 | Depths:4 | Found a flickering gateway to a bazaar.
 50728 | Bazaar   | Entered a bazaar
 50747 | Bazaar   | Found Jeumax's Antique Weapon Emporium.
 50760 | Bazaar   | Found Cozxutell's Antique Weapon Shoppe.
 50777 | Bazaar   | Found Fucsic's Antique Armour Shoppe.
 50788 | Bazaar   | Found Awamp's Antique Armour Emporium.
 50806 | Depths:4 | Upgraded the game from 0.26-a0-487-gbff1e92059 to
                  | 0.26-a0-491-g70697cc071
 50826 | Depths:4 | Found a transporter.
 51085 | Depths:4 | Reached XP level 24. HP: 245/245 MP: 22/22
 51603 | Depths:4 | Gained mutation: You do not regenerate when monsters are
                  | visible. [mutagenic glow]
 51620 | Depths:4 | Gained mutation: Armour fits poorly on your strangely
                  | shaped body. [mutagenic glow]
 51645 | Depths:4 | Got a coiled copper amulet
 51654 | Depths:4 | Gained mutation: Scrolls take you a little longer to read.
                  | [mutagenic glow]
 51659 | Depths:4 | Got an ancient iron ring
 51762 | Depths:4 | Lost mutation: Scrolls take you a little longer to read.
                  | [potion of mutation]
 51762 | Depths:4 | Lost mutation: Armour fits poorly on your strangely shaped
                  | body. [potion of mutation]
 51762 | Depths:4 | Gained mutation: You are partially covered in icy blue
                  | scales. (AC +2) [potion of mutation]
 51762 | Depths:4 | Gained mutation: You have sharp toenails. [potion of
                  | mutation]
 51763 | Depths:4 | Lost mutation: You have sharp toenails. [potion of
                  | mutation]
 51763 | Depths:4 | Lost mutation: You do not regenerate when monsters are
                  | visible. [potion of mutation]
 51763 | Depths:4 | Gained mutation: You are weak. (Str -2) [potion of
                  | mutation]
 51763 | Depths:4 | Gained mutation: You are clumsy. (Dex -2) [potion of
                  | mutation]
 51763 | Depths:4 | Gained mutation: You are covered in fur. (AC +1) [potion of
                  | mutation]
 51764 | Depths:4 | Lost mutation: You are covered in fur. (AC +1) [potion of
                  | mutation]
 51764 | Depths:4 | Lost mutation: You are partially covered in icy blue
                  | scales. (AC +2) [potion of mutation]
 51764 | Depths:4 | Gained mutation: You occasionally shout uncontrollably at
                  | your foes. [potion of mutation]
 51764 | Depths:4 | Gained mutation: You are partially covered in slimy green
                  | scales. (AC +2) [potion of mutation]
 51765 | Depths:4 | Lost mutation: You are clumsy. (Dex -2) [potion of
                  | mutation]
 51765 | Depths:4 | Lost mutation: You occasionally shout uncontrollably at
                  | your foes. [potion of mutation]
 51765 | Depths:4 | Gained mutation: You possess an exceptional clarity of
                  | mind. [potion of mutation]
 51765 | Depths:4 | Gained mutation: Your flesh is heat resistant. (rF+)
                  | [potion of mutation]
 51766 | Depths:4 | Identified the cursed ring "Gihed" {AC-4 Int+2} (You found
                  | it on level 3 of the Depths)
 51769 | Depths:4 | Identified the amulet of Geashrant {Regen+ Dex+7} (You
                  | found it on level 4 of the Depths)
 51770 | Depths:4 | Identified the ring of the Final Decision {Wiz Dex+3} (You
                  | found it on level 4 of the Depths)
 51816 | Depths:4 | Identified the +4 whip of Gravity {drain, Fragile Dex+4}
                  | (You found it on level 4 of the Depths)
 51842 | Depths:5 | Entered Level 5 of the Depths
 51939 | Depths:5 | Found a gate to the Realm of Zot.
 52883 | Depths:5 | Identified the +2 scale mail of Benevolence {rC+ Dex+2}
                  | (You found it on level 5 of the Depths)
 53249 | Elf:1    | Entered Level 1 of the Elven Halls
 53948 | Elf:1    | Found Kyewu's Assorted Antiques.
 53957 | Elf:1    | Bought a potion of heal wounds for 200 gold pieces
 54300 | Elf:1    | Bought a scroll of enchant weapon for 300 gold pieces
 54300 | Elf:1    | Bought a scroll of enchant armour for 300 gold pieces
 54300 | Elf:1    | Bought a potion of might for 160 gold pieces
 54812 | Elf:2    | Found a runed translucent gate.
 54812 | Elf:2    | Found a runed translucent gate.
 54812 | Elf:2    | Found a runed translucent gate.
 55034 | Elf:2    | Reached skill level 27 in Fighting
 55200 | Elf:3    | Entered Level 3 of the Elven Halls
 55469 | Elf:3    | Found Xuesus's Weapon Shoppe.
 55655 | Elf:3    | Identified the +0 leather armour "Corirr" {*Slow +Inv MR-
                  | rCorr}
 55668 | Elf:3    | Reached XP level 25. HP: 249/257 MP: 22/22
 55669 | Elf:3    | Identified the amulet of Alionel {RegenMP *Slow rN+ Int+8
                  | Dex+2}
 55979 | Elf:3    | Identified the +3 leather armour "Mouhusch" {rElec Str-5
                  | Dex+2}
 56029 | Elf:3    | Identified the +4 short sword of Paxetun {drain, rElec MR+}
 56175 | Elf:3    | Identified First Steps in Theurgy
 56185 | Elf:3    | Identified Ledgh's Grimoire of Quantum Intoxication
 56226 | Elf:3    | Identified the Catalogue of the Supportive Birds
 56648 | Hell     | Entered the Vestibule of Hell
 56666 | Hell     | Noticed Geryon
 56722 | Hell     | Found a gateway to the decaying netherworld of Tartarus.
 56722 | Hell     | Noticed an ancient lich
 56739 | Hell     | Killed an ancient lich
 57361 | Hell     | Killed Geryon
 57410 | Hell     | Found a gateway to the ashen valley of Gehenna.
 57822 | Hell     | Found a gateway to the freezing wastes of Cocytus.
 58013 | Hell     | Found a gateway to the Iron City of Dis.
 58161 | Hell     | Bought a potion of curing for 84 gold pieces
 58161 | Hell     | Bought a potion of resistance for 280 gold pieces
 58167 | Hell     | Bought a potion of curing for 150 gold pieces
 58167 | Hell     | Bought a potion of might for 200 gold pieces
 58167 | Hell     | Bought a scroll of enchant armour for 375 gold pieces
 58167 | Hell     | Bought a scroll of identify for 100 gold pieces
 58605 | D:3      | Fell from the grace of Gozag
 58605 | D:3      | Became a worshipper of the Shining One
 59322 | Crypt:1  | Entered Level 1 of the Crypt
 59362 | Crypt:1  | Reached * piety under the Shining One
 59509 | Crypt:1  | Reached ** piety under the Shining One
 59724 | Crypt:2  | Reached *** piety under the Shining One
 60314 | Crypt:2  | Reached **** piety under the Shining One
 60853 | Crypt:3  | Entered Level 3 of the Crypt
 60880 | Crypt:3  | Reached ***** piety under the Shining One
 61127 | Crypt:3  | Found a staircase to the Tomb.
 61131 | Crypt:3  | Reached XP level 26. HP: 258/266 MP: 22/22
 61172 | Crypt:3  | Reached ****** piety under the Shining One
 61266 | Crypt:3  | Found a basalt altar of Yredelemnul.
 61948 | Crypt:3  | Found the +6 Majin-Bo {vamp, Archmagi MP+6 Int+6}
 62034 | Crypt:3  | Got a brightly glowing wooden ring
 62034 | Crypt:3  | Got a smoking iron ring
 62034 | Crypt:3  | Got a faintly glowing turquoise ring
 62731 | Dis:1    | Entered Level 1 of the Iron City of Dis
 62963 | Dis:1    | Reached skill level 27 in Maces & Flails
 66362 | Dis:4    | Reached XP level 27. HP: 273/273 MP: 22/22
 66422 | Dis:4    | Identified the ring of the Modern Artisans {rElec rN+ Str-2
                  | Dex+8 SInv} (You found it on level 3 of the Crypt)
 66423 | Dis:4    | Identified the ring of Rodepra {rPois rN+} (You found it on
                  | level 3 of the Crypt)
 66424 | Dis:4    | Identified the ring of Kifes {rF+ rN+ Str-2 Int+4} (You
                  | found it on level 3 of the Crypt)
 66741 | Dis:4    | Reached skill level 27 in Armour
 66764 | Dis:4    | Reached skill level 27 in Shields
 66780 | Dis:4    | Learned a level 1 spell: Animate Skeleton
 66783 | Dis:4    | Learned a level 2 spell: Passwall
 67079 | Dis:1    | Reached skill level 1 in Transmutations
 67144 | Dis:2    | Reached skill level 1 in Necromancy
 67991 | Dis:5    | Found a burning altar of Makhleb.
 68236 | Dis:5    | Was forgiven by Gozag
 68236 | Dis:5    | Reached skill level 5 in Transmutations
 68402 | Dis:5    | Reached skill level 5 in Necromancy
 70667 | Dis:7    | Entered Level 7 of the Iron City of Dis
 70853 | Dis:7    | Reached skill level 10 in Transmutations
 71142 | Dis:7    | Reached skill level 10 in Necromancy
 71729 | Dis:7    | Identified the +4 staff of Dispater
 71729 | Dis:7    | Noticed Dispater
 71735 | Dis:7    | Found the +0 sword of Power
 71745 | Dis:7    | Identified the ring of Orizixe {Str+3 Int+3 Stlth+}
 71895 | Dis:7    | Got a clouded jade ring
 72323 | Dis:7    | Identified the ring "Viluntu" {Fire Str+4 Int+2 Dex-5} (You
                  | found it on level 7 of the Iron City of Dis)
 72805 | Dis:7    | Killed Dispater
 72851 | Dis:7    | Got an iron rune of Zot
 73171 | Geh:1    | Entered Level 1 of Gehenna
 75043 | Geh:2    | Identified a +9 eveningstar of holy wrath (a +9 eveningstar
                  | of freezing blessed by the Shining One)
 75043 | Geh:2    | Received a gift from the Shining One
 75242 | Geh:3    | Reached skill level 15 in Transmutations
 76912 | Geh:4    | Reached skill level 15 in Necromancy
 77402 | Geh:5    | You are sucked into a shaft and drop 1 floor!
 78716 | Geh:7    | Entered Level 7 of Gehenna
 80130 | Geh:7    | Identified the +7 sceptre of Asmodeus
 80130 | Geh:7    | Noticed Asmodeus
 80156 | Geh:7    | Killed Asmodeus
 80277 | Geh:7    | Got an obsidian rune of Zot
 80448 | Tar:1    | Entered Level 1 of Tartarus
 82163 | Tar:2    | Gained mutation: You are very weak. (Str -4) [a neqoxec]
 82244 | Tar:2    | Lost mutation: Your flesh is heat resistant. (rF+) [potion
                  | of mutation]
 82244 | Tar:2    | Gained mutation: Your magical capacity is low. (-10% MP)
                  | [potion of mutation]
 82244 | Tar:2    | Lost mutation: You possess an exceptional clarity of mind.
                  | [potion of mutation]
 82244 | Tar:2    | Gained mutation: Your flesh is cold resistant. (rC+)
                  | [potion of mutation]
 82245 | Tar:2    | Lost mutation: You are very weak. (Str -4) [potion of
                  | mutation]
 82245 | Tar:2    | Lost mutation: You are weak. (Str -2) [potion of mutation]
 82245 | Tar:2    | Lost mutation: Your magical capacity is low. (-10% MP)
                  | [potion of mutation]
 82245 | Tar:2    | Lost mutation: You are partially covered in slimy green
                  | scales. (AC +2) [potion of mutation]
 82245 | Tar:2    | Gained mutation: You are frail. (-10% HP) [potion of
                  | mutation]
 82245 | Tar:2    | Gained mutation: Your spells are a little harder to cast,
                  | but a little more powerful. [potion of mutation]
 82245 | Tar:2    | Gained mutation: You have an increased reservoir of magic.
                  | (+10% MP) [potion of mutation]
 85331 | Tar:5    | Reached skill level 5 in Dodging
 86058 | Tar:5    | Reached skill level 10 in Dodging
 87997 | Tar:7    | Entered Level 7 of Tartarus
 88039 | Tar:7    | Reached skill level 15 in Dodging
 88975 | Tar:7    | Noticed Ereshkigal
 88982 | Tar:7    | Noticed an ancient lich
 88996 | Tar:7    | Killed Ereshkigal
 89002 | Tar:7    | Killed an ancient lich
 89125 | Tar:7    | Got a bone rune of Zot
 89693 | Coc:1    | Entered Level 1 of Cocytus
 91901 | Coc:3    | Gained mutation: You tend to lose your temper in combat.
                  | [mutagenic glow]
 91922 | Coc:3    | Gained mutation: You occasionally shout uncontrollably at
                  | your foes. [mutagenic glow]
 91939 | Coc:3    | Gained mutation: You are dopey. (Int -2) [mutagenic glow]
 91953 | Coc:3    | Gained mutation: You are very frail. (-20% HP) [mutagenic
                  | glow]
 95575 | Coc:7    | Entered Level 7 of Cocytus
 95992 | Coc:7    | Found the +10 tower shield of Ignorance {rN+ Int-4}
 96144 | Coc:7    | Reached skill level 27 in Dodging
 96226 | Coc:7    | Noticed the Serpent of Hell
 96255 | Coc:7    | Reached skill level 1 in Spellcasting
 96260 | Coc:7    | Killed the Serpent of Hell
 96684 | Coc:7    | Identified the ring of Kimyag {Wiz rF+ Str+2}
 96684 | Coc:7    | Noticed Antaeus
 96720 | Coc:7    | Killed Antaeus
 96878 | Coc:7    | Got an icy rune of Zot
 97759 | Temple   | Entered the Ecumenical Temple
 97883 | Temple   | Fell from the grace of the Shining One
 97883 | Temple   | Became a worshipper of Zin the Law-Giver
 97883 | Temple   | Reached * piety under Zin
 97883 | Temple   | Reached ** piety under Zin
 97883 | Temple   | Reached *** piety under Zin
 97883 | Temple   | Reached **** piety under Zin
 97883 | Temple   | Reached ***** piety under Zin
 98365 | Depths:4 | Voluntarily entered the Abyss.
 98903 | Abyss:1  | Reached skill level 5 in Spellcasting
 99028 | Abyss:1  | Reached ****** piety under Zin
 99205 | Abyss:1  | Paralysed by accursed screaming for 1 turns
 99916 | Abyss:1  | Found a corrupted altar of Lugonu.
100093 | Abyss:1  | Got a brightly glowing plate armour
100101 | Abyss:1  | Identified the +12 plate armour "Fotalaur" {Str+3 Slay+3}
                  | (You found it on level 1 of the Abyss)
100145 | Abyss:1  | Noticed an ancient lich
100151 | Abyss:1  | Killed an ancient lich
100535 | Abyss:1  | Paralysed by a floating eye for 4 turns
100545 | Abyss:1  | Paralysed by a floating eye for 2 turns
100548 | Depths:4 | Escaped the Abyss
100801 | Depths:4 | Voluntarily entered the Abyss.
101072 | Abyss:1  | Paralysed by accursed screaming for 1 turns
101139 | Abyss:1  | Paralysed by you for 2 turns
101393 | Depths:4 | Escaped the Abyss
101395 | Depths:4 | Voluntarily entered the Abyss.
101494 | Abyss:1  | Found a corrupted altar of Lugonu.
101627 | Abyss:1  | Paralysed by accursed screaming for 2 turns
101884 | Abyss:1  | Paralysed by accursed screaming for 2 turns
102079 | Abyss:1  | Found a corrupted altar of Lugonu.
102715 | Abyss:2  | Paralysed by you for 6 turns
103288 | Abyss:2  | Lost mutation: Your spells are a little harder to cast, but
                  | a little more powerful. [potion of mutation]
103288 | Abyss:2  | Lost mutation: You are very frail. (-20% HP) [potion of
                  | mutation]
103288 | Abyss:2  | Lost mutation: You are frail. (-10% HP) [potion of
                  | mutation]
103288 | Abyss:2  | Lost mutation: You are dopey. (Int -2) [potion of mutation]
103733 | Abyss:3  | Got an abyssal rune of Zot
104362 | Abyss:3  | Reached skill level 10 in Spellcasting
104930 | Abyss:3  | Found a corrupted altar of Lugonu.
106136 | Abyss:5  | Entered Level 5 of the Abyss
106416 | Abyss:5  | Paralysed by accursed screaming for 1 turns
106467 | Abyss:5  | Paralysed by accursed screaming for 1 turns
106472 | Abyss:5  | Paralysed by accursed screaming for 1 turns
106634 | Depths:4 | Escaped the Abyss
106850 | Depths:4 | Voluntarily entered the Abyss.
106851 | Abyss:1  | Found a corrupted altar of Lugonu.
106851 | Abyss:1  | Identified Juwny's Papyrus of Supportive Dislocation
107141 | Depths:4 | Escaped the Abyss
107199 | Depths:4 | Learned a level 5 spell: Borgnjor's Vile Clutch
107208 | Depths:4 | Learned a level 8 spell: Controlled Blink
107215 | Depths:4 | Voluntarily entered the Abyss.
107227 | Abyss:1  | Reached skill level 1 in Translocations
107582 | Abyss:1  | Reached skill level 5 in Translocations
109378 | Abyss:3  | Paralysed by accursed screaming for 2 turns
109381 | Abyss:3  | Reached skill level 10 in Translocations
109399 | Abyss:3  | Paralysed by accursed screaming for 2 turns
109403 | Abyss:3  | Paralysed by accursed screaming for 2 turns
109986 | Abyss:4  | Paralysed by accursed screaming for 1 turns
110133 | Abyss:4  | Paralysed by accursed screaming for 1 turns
111387 | Abyss:4  | Identified the Volume of Creative Moulding
111700 | Abyss:4  | Paralysed by accursed screaming for 1 turns
111704 | Abyss:4  | Paralysed by accursed screaming for 1 turns
111778 | Depths:4 | Escaped the Abyss
112360 | Lair:6   | Found a staircase to the Slime Pits.
112442 | Slime:1  | Entered Level 1 of the Pits of Slime
112613 | Slime:2  | Reached skill level 15 in Translocations
115109 | Slime:5  | Entered Level 5 of the Pits of Slime
115403 | Slime:5  | Found a viscous altar of Jiyva.
115470 | Slime:5  | Found the brooch of Shielding {Spirit SH+8}
115567 | Slime:5  | Noticed the Royal Jelly
115578 | Slime:5  | Killed the Royal Jelly
116053 | Slime:5  | Got a heavily runed emerald amulet
116055 | Slime:5  | Got a slimy rune of Zot
116122 | Slime:5  | Identified the amulet "Milefy" {RegenMP SInv} (You found it
                  | on level 5 of the Pits of Slime)
116132 | Slime:5  | Identified the +8 bardiche of Contradiction {antimagic,
                  | Str+3 Dex+2} (You found it on level 5 of the Pits of Slime)
116471 | Pan      | Entered Pandemonium
117013 | Pan      | Noticed Tuxkis the pandemonium lord
117035 | Pan      | Killed Tuxkis the pandemonium lord
117265 | Pan      | Paralysed by accursed screaming for 1 turns
117289 | Pan      | Got a demonic rune of Zot
117833 | Pan      | Found an exit through the horrors of the Abyss.
118171 | Pan      | Noticed Xewnih the pandemonium lord
118180 | Pan      | Killed Xewnih the pandemonium lord
118729 | Pan      | Noticed Qiggiric the pandemonium lord
119849 | Pan      | Killed Qiggiric the pandemonium lord
120518 | Pan      | Lost mutation: You tend to lose your temper in combat.
                  | [potion of mutation]
120518 | Pan      | Lost mutation: Your flesh is cold resistant. (rC+) [potion
                  | of mutation]
120636 | Pan      | Noticed Teigh the pandemonium lord
121258 | Pan      | Killed Teigh the pandemonium lord
121335 | Pan      | Got a scintillating steel ring
121935 | Pan      | Found an exit through the horrors of the Abyss.
122312 | Pan      | Found a runed translucent door.
123087 | Pan      | Noticed Hageng the pandemonium lord
123103 | Pan      | Killed Hageng the pandemonium lord
123130 | Pan      | Got a twitching amber ring
123434 | Pan      | Identified the cursed ring "Meca" {rC++ Int-4} (You found
                  | it in Pandemonium)
123435 | Pan      | Identified the ring "Buidupih" {MR+ Str+3 Int+4 Dex+4} (You
                  | found it in Pandemonium)
123885 | Pan      | Noticed Ysinogg the pandemonium lord
123908 | Pan      | HP: 10/272 [Ysinogg the pandemonium lord/bolt of lightning
                  | (9)]
123937 | Pan      | HP: 4/273 [Executioner (13)]
124329 | Pan      | Killed Ysinogg the pandemonium lord
124590 | Pan      | Found an exit through the horrors of the Abyss.
124722 | Pan      | Identified the +1 halberd "Ylacomix" {vorpal, rElec rC+
                  | Dex+3} (You found it in Pandemonium)
124726 | Pan      | Entered the realm of Gloorx Vloq.
125088 | Pan      | Found an exit through the horrors of the Abyss.
125442 | Pan      | Noticed Gloorx Vloq
125919 | Pan      | Killed Gloorx Vloq
125927 | Pan      | Got a dark rune of Zot
126100 | Pan      | Entered the realm of Mnoleg.
126255 | Pan      | Found an exit through the horrors of the Abyss.
126673 | Pan      | Noticed Mnoleg
127401 | Pan      | Paralysed by a floating eye for 4 turns
127412 | Pan      | Killed Mnoleg
127446 | Pan      | Got a glowing rune of Zot
127579 | Pan      | Noticed Orupu Mosa the pandemonium lord
128440 | Pan      | Killed Orupu Mosa the pandemonium lord
128638 | Pan      | Identified the +0 troll leather armour "Umumad" {*Drain rC+
                  | Regen+ Int+6 SInv} (You found it in Pandemonium)
129250 | Pan      | Noticed Modiuthre the pandemonium lord
129266 | Pan      | Killed Modiuthre the pandemonium lord
129508 | Pan      | Found an exit through the horrors of the Abyss.
130105 | Pan      | Entered the realm of Lom Lobon.
130156 | Pan      | Found an exit through the horrors of the Abyss.
130842 | Pan      | Noticed Lom Lobon
130873 | Pan      | Killed Lom Lobon
131059 | Pan      | Got a magical rune of Zot
132241 | Pan      | Noticed Wuoqaebamu the pandemonium lord
132255 | Pan      | Killed Wuoqaebamu the pandemonium lord
132530 | Pan      | Noticed Xanipeca the pandemonium lord
132845 | Pan      | HP: 1/268 [disintegration (32)]
133087 | Pan      | Killed Xanipeca the pandemonium lord
133547 | Pan      | Noticed Zuhe the pandemonium lord
133560 | Pan      | Killed Zuhe the pandemonium lord
134655 | Pan      | Entered the realm of Cerebov.
135125 | Pan      | Identified the +10 mace of Runk {vorpal, MR+}
135222 | Pan      | Identified the +6 sword of Cerebov {flame}
135222 | Pan      | Noticed Cerebov
135233 | Pan      | Identified the ring "Hupratz" {rC+ Str+4 Int+4 Stlth+}
135248 | Pan      | Killed Cerebov
135248 | Pan      | Reached skill level 27 in Translocations
135481 | Pan      | Identified Zalittipn's Collected Works on Combat Magic
135502 | Pan      | Identified the +7 mace of Onoth {vorpal, rF+ SInv}
135520 | Pan      | Got a fiery rune of Zot
135710 | Pan      | Found an exit through the horrors of the Abyss.
136028 | Pan      | Noticed Lusiq the pandemonium lord
136037 | Pan      | Killed Lusiq the pandemonium lord
136591 | Pan      | Found an exit through the horrors of the Abyss.
137290 | Pan      | Noticed Xanwo the pandemonium lord
137305 | Pan      | Killed Xanwo the pandemonium lord
137714 | Pan      | Noticed Ycsidi Tuas the pandemonium lord
137984 | Pan      | Killed Ycsidi Tuas the pandemonium lord
138092 | Pan      | Found an exit through the horrors of the Abyss.
138674 | Pan      | Acquired a book of the Warp
139198 | Pan      | Found an exit through the horrors of the Abyss.
139342 | Pan      | Noticed Ruce the pandemonium lord
139773 | Pan      | Killed Ruce the pandemonium lord
140354 | Pan      | Noticed Goxasm the pandemonium lord
140377 | Pan      | Killed Goxasm the pandemonium lord
140635 | Pan      | Found an exit through the horrors of the Abyss.
141885 | Pan      | Noticed Soyv the pandemonium lord
141901 | Pan      | Killed Soyv the pandemonium lord
142592 | Pan      | Found an exit through the horrors of the Abyss.
142863 | Pan      | Noticed Wukoly the pandemonium lord
142874 | Pan      | Killed Wukoly the pandemonium lord
143356 | Pan      | Found an exit through the horrors of the Abyss.
143431 | Pan      | Noticed Opauruog the pandemonium lord
143472 | Pan      | Killed Opauruog the pandemonium lord
144228 | Pan      | Identified the cursed +0 kite shield "Plog" {rN+} (You
                  | found it in Pandemonium)
144350 | Pan      | Reached skill level 15 in Spellcasting
144588 | Pan      | Noticed Puhinarph the pandemonium lord
144637 | Pan      | Found an exit through the horrors of the Abyss.
144914 | Pan      | Killed Puhinarph the pandemonium lord
145860 | Pan      | Found an exit through the horrors of the Abyss.
146222 | Pan      | Noticed Gamiuzef the pandemonium lord
146229 | Pan      | Killed Gamiuzef the pandemonium lord
147243 | Pan      | Found an exit through the horrors of the Abyss.
147305 | Pan      | Noticed Yqakk the pandemonium lord
147312 | Pan      | Killed Yqakk the pandemonium lord
147950 | Pan      | Noticed Osmiuw the pandemonium lord
147998 | Pan      | Killed Osmiuw the pandemonium lord
149255 | Pan      | Found an exit through the horrors of the Abyss.
149963 | Pan      | Noticed Cufoshre the pandemonium lord
150011 | Pan      | Killed Cufoshre the pandemonium lord
150877 | Pan      | Noticed Keon the pandemonium lord
150903 | Pan      | Killed Keon the pandemonium lord
152300 | Pan      | Found a runed translucent door.
152439 | Pan      | Found a runed translucent door.
152446 | Pan      | Found a runed translucent door.
152447 | Pan      | Found a runed translucent door.
152608 | Pan      | Found an exit through the horrors of the Abyss.
153288 | Pan      | Noticed Awawadou the pandemonium lord
153311 | Pan      | Killed Awawadou the pandemonium lord
153539 | Pan      | Got a wavering bone ring
153552 | Pan      | Identified the ring "Puquocih" {rPois rN+ Str-3 Stlth+}
                  | (You found it in Pandemonium)
153553 | Pan      | Identified the +2 hat of the Fiend {Regen+} (You found it
                  | in Pandemonium)
153760 | Pan      | Noticed Ziavvuz the pandemonium lord
153767 | Pan      | Killed Ziavvuz the pandemonium lord
153973 | Pan      | Found an exit through the horrors of the Abyss.
154357 | Pan      | Identified the +2 cloak of Wuffam Veco {rPois Str+3} (You
                  | found it in Pandemonium)
154530 | Pan      | Noticed Unyovvil the pandemonium lord
154547 | Pan      | Found an exit through the horrors of the Abyss.
155168 | Pan      | Killed Unyovvil the pandemonium lord
156245 | Pan      | Noticed Zuiseom the pandemonium lord
156253 | Pan      | Killed Zuiseom the pandemonium lord
156279 | Pan      | Lost mutation: You occasionally shout uncontrollably at
                  | your foes. [potion of mutation]
156398 | Pan      | Identified Ledoduh's Almanac of Unstable Slavery
156645 | Pan      | Found an exit through the horrors of the Abyss.
157706 | Pan      | Acquired the +0 pair of gloves of the Gate {*Drain rF+
                  | rC+++ SInv}
158078 | Pan      | Upgraded the game from 0.26-a0-491-g70697cc071 to
                  | 0.26-a0-497-g0187308201
158078 | Pan      | Noticed Noix the pandemonium lord
158536 | Pan      | Identified Murhant's Tome of Envenoming and Cold
158861 | Pan      | Identified the +6 hand crossbow of Vanity {elec, +Blink
                  | Stlth+}
159260 | Pan      | Killed Noix the pandemonium lord
159755 | Pan      | Noticed Yvogaux the pandemonium lord
159784 | Pan      | Killed Yvogaux the pandemonium lord
159788 | Pan      | Reached skill level 27 in Transmutations
159971 | Pan      | Found an exit through the horrors of the Abyss.
160629 | Pan      | Identified the cursed +3 whip of Iconoclasm {freeze, *Noise
                  | +Inv Int+2 Stlth+} (You found it in Pandemonium)
160733 | Pan      | Found an exit through the horrors of the Abyss.
161091 | Pan      | Noticed Zuleumeb the pandemonium lord
161204 | Pan      | Killed Zuleumeb the pandemonium lord
162258 | Pan      | Noticed Qiughont the pandemonium lord
162269 | Pan      | Killed Qiughont the pandemonium lord
162390 | Pan      | Found an exit through the horrors of the Abyss.
162952 | Pan      | Found an exit through the horrors of the Abyss.
163168 | Pan      | Paralysed by a chaos spawn for 2 turns
163383 | Pan      | Noticed Guat the pandemonium lord
163388 | Pan      | Killed from afar by a hellion

Illustrated notes

Levels and vault maps discovered:
D:1:      ncdulo_watergridlock, layout_basic, minmay_tromino_v4_c
D:2:      layout_rooms, bloody_trog, lemuel_doored_altar,
          nicolae_overflow_quartered_altars, nicolae_overflow_crystal_walls,
          chequers_big_river, uniq_robin
D:3:      layout_loops_ring, marbit_many_paths, serial_glass, glass_columns_a,
          glass_columns_a, tso_altar, uniq_natasha
D:4:      layout_loops_ring, nicolae_dithmenos_through_a_glass_darkly,
          abandoned_shop, makhleb_altar_promises_db, uniq_menkaure, uniq_ijyb,
          uniq_duvessa
D:5:      layout_loops_ring, chequers_arboretum, minmay_hedge_maze,
          kennysheep_path_1, kennysheep_generic_room_10
D:6:      layout_layer_cave, nicolae_overflow_hidden_temple,
          minmay_temple_entry_sparse_star, lemuel_oklob_altar
D:7:      lemuel_ratsnest, layout_loops_cross, gammafunk_temple_overflow_statue
D:8:      layout_basic, uniq_erica
D:9:      layout_rooms, lemuel_coloured_pillars_altar, serial_shops,
          nicolae_shop_waterfront, uniq_joseph, uniq_maurice
D:10:     layout_loops_corners, serial_shops, shop, serial_undead,
          serial_undead_c, serial_undead_f, serial_undead_d, serial_undead_e
D:11:     layout_rooms
D:12:     layout_loops_ring, david_orc_5, palyth_stone_intersect, uniq_josephine
D:13:     layout_basic, enter_trove_2, nicolae_water_bricks,
          minmay_gold_behind_fungi
D:14:     layout_loops_ring, david_vaults_1, serial_park_gazebo
          [serial_park_minivault_5x5_5], special_room
          [special_room_mythical_zoo], kb_xom_exploding_sheep
D:15:     grunt_enter_depths_snipers, layout_stronghold, serial_shops,
          nicolae_shop_window_shopping, minmay_misc_feat_tiny,
          portal_ice_cave_entry_animals_and_master, st_stairs_8
Temple:   nicolae_temple_figure_zero
Lair:1:   layout_regular_city, gammafunk_ghost_cemetery, serial_bayou_shore_a,
          uniq_grum, uniq_gastronok
Lair:2:   layout_cave_pods, nicolae_spider_entry_tight_spaces,
          chequers_serial_rivers_micro_e, infiniplex_staircase_pool,
          grunt_megastairs_3
Lair:3:   layout_gridlike, grunt_megastairs_2
Lair:4:   layout_cave_pods, nicolae_swamp_entry_splash_gauntlet,
          grunt_megastairs_1
Lair:5:   layout_loops_ring, cheibrodos_lair_lostbears,
          infiniplex_staircase_pool_2
Lair:6:   evilmike_catoblepas_cave, layout_regular_city,
          minmay_slime_entry_oklob_enclosed, gauntlet_entry_generic, uniq_sonja
Swamp:1:  layout_falls_marsh, nicolae_swamp_dense_foliage, uniq_louise
Swamp:2:  layout_basic_swamp, evilmike_swamp_ruin_house_1, uniq_frances
Swamp:3:  layout_basic_swamp, nicolae_swamp_round_clearing
Swamp:4:  grunt_swamp_rune_castle, layout_basic_swamp
Spider:1: layout_spider_delve, nicolae_looking_at_the_future
Spider:2: layout_chambers, hangedman_stitches_earthworm
Spider:3: layout_spider_delve, gammafunk_ghost_grave, uniq_arachne, uniq_nikola,
          uniq_roxanne, uniq_mara
Spider:4: guppyfry_spider_rune, uniq_bai_suzhen
Slime:1:  layout_caves
Slime:2:  layout_caves
Slime:3:  layout_caves
Slime:4:  layout_caves
Slime:5
Orc:1:    layout_caves, serial_shops, shop
Orc:2:    pf_orc_diabolical, layout_diamond_mine, mines2_david
Elf:1:    eino_elf_arrival_customs, layout_onion_city, serial_shops, shop
Elf:2:    layout_rooms
Elf:3:    grunt_elf_hall_asides, layout_geoelf_diagonals, serial_shops, shop
Vaults:1: hangedman_vaults_restitches, v_misc_33, v_misc_26,
          nicolae_vaults_network_quinsquares
          [nicolae_vaults_network_quincunx_subvault,
          nicolae_vaults_network_quincunx_subvault,
          nicolae_vaults_network_quincunx_subvault,
          nicolae_vaults_network_quincunx_subvault], vaults_door_vault,
          dpeg_vaults_monster_box, grunt_vaults_hallway_short,
          nicolae_vaults_mini_display_case, nicolae_vaults_little_ls,
          nicolae_vaults_shelves_hall, layout_vaults_big_room, serial_shops,
          nicolae_shop_waterfront, nicolae_shop_stone, shop
Vaults:2: v_rooms_2, hangedman_vaults_stagger, nicolae_vaults_c_with_doors,
          ontoclasm_vaults_decontamination, ontoclasm_vaults_twist,
          hangedman_vaults_corner, v_misc_14, v_pattern_2, v_alt_pattern_5,
          hangedman_vaults_capsules, ontoclasm_vaults_loading_screen,
          layout_vaults_maze_bifur, uniq_margery, uniq_mennas, uniq_asterion
Vaults:3: v_misc_5, minmay_crypt_entry_simple_walls,
          vaults_room_hangedman_quadrants, v_misc_3, hangedman_vaults_impose,
          vaults_room_pool, v_alt_pattern_1, nicolae_vaults_little_squares_3,
          vaults_mumra_minichess_inversion, grunt_vaults_focal, v_misc_28,
          v_misc_16, hangedman_vaults_hat, grunt_vaults_hallway_long,
          nicolae_vaults_little_squares_4, layout_vaults_big_cross,
          uniq_frederick
Vaults:4: nicolae_vaults_rhombus_6, hangedman_vaults_locks,
          hangedman_vaults_maws, nicolae_vaults_stairing_the_circle,
          vaults_room_pools, v_misc_13, v_rooms_6, nicolae_vaults_holding_cells,
          vaults_room_fours, vaults_room_fours, nicolae_vaults_little_squares_6,
          vaults_dpeg_cross, vaults_dpeg_diagonal, layout_vaults_omnibox,
          serial_shops, bzr_firewalk, uniq_saint_roka
Vaults:5
Crypt:1:  layout_rooms
Crypt:2:  layout_catacombs
Crypt:3:  church_of_pain_bobbens, layout_chaotic_city,
          tomb_entry_forgotten_bobbens, minivault_11, corexii_leaking_fountain,
          grunt_ministairs_6, st_stairs_14
Depths:1: layout_basic, grunt_hell_horde, minmay_misc_feat_five,
          hangedman_decor_clover_reticule, minivault_16,
          kennysheep_big_empty_room, minmay_misc_feat_rugged, minmay_st_funbox,
          minmay_tree_intersection, guppyfry_shop_venom
Depths:2: minmay_the_grid_triangle_9x9_recursive_2
          [minmay_the_grid_triangle_9x9_prize_top_heavy,
          minmay_the_grid_triangle_9x9_tough_junction,
          minmay_the_grid_triangle_9x9_semitri,
          minmay_the_grid_triangle_9x9_dagger], layout_cave_pools, hell_entry,
          grunt_decor_mini_mirrors, rand_demon_pan_entry_9, minmay_librarian,
          infiniplex_staircase_zigzag_3, uniq_aizul
Depths:3: hangedman_slaughterboxes, hell_entry, pan_entry
Depths:4: gammafunk_its_a_trap, layout_gridville, fountainhead, abyss_entry,
          hell_entry, serial_shops, bzr_entry_gold, grunt_decor_cap,
          hangedman_abyss_or_decor_slice, minislime_mu
Depths:5: grunt_crosshair, layout_long_grid, pf_dread_powers_of_hell,
          serial_glass, glass_columns_b, glass_columns_a, glass_columns_b,
          glass_columns_a, glass_columns_b, glass_columns_a
Hell
Dis:1:    layout_subdivisions, hangedman_dis_decor_blocks_talon,
          nicolae_dis_hell_towers
Dis:2:    layout_subdivisions
Dis:3:    layout_gridville
Dis:4:    layout_subdivisions
Dis:5:    kennysheep_iron_temple, layout_chaotic_city, evilmike_ambush
          [evilmike_ambush_outer_corners, evilmike_ambush_inner_basic]
Dis:6:    layout_subdivisions
Dis:7:    dis_grunt_layers
Geh:1:    layout_gehenna_lava_caves, hangedman_elemental_grid_stream
Geh:2:    layout_gehenna_pools_box, hangedman_generic_boss_arena
Geh:3:    minmay_firetagon, layout_gehenna_pools_triple
Geh:4:    layout_gehenna_pools_box, gehenna_fire_generator
Geh:5:    layout_gehenna_pools_box
Geh:6:    layout_gehenna_pools_basic, gehenna_fire_generator,
          minmay_fire_ice_demons
Geh:7:    geh_old
Coc:1:    layout_ice_bergs
Coc:2:    layout_ice_bergs
Coc:3:    layout_ice_bergs
Coc:4:    layout_ice_bergs
Coc:5:    layout_cocytus_water_paths
Coc:6:    layout_cocytus_water_paths
Coc:7:    coc_grunt
Tar:1:    layout_grid_maze, lemuel_nasty_fountain
Tar:2:    layout_catacombs, evilmike_ambush [evilmike_ambush_outer_basic,
          evilmike_ambush_inner_basic]
Tar:3:    layout_catacombs
Tar:4:    layout_cathedral_of_symmetry, nicolae_tar_cuneiform_two
Tar:5:    layout_grid_maze, nicolae_tar_cuneiform_city
Tar:6:    layout_cathedral_of_symmetry, nicolae_tar_cuneiform_bread
Tar:7:    tar_grunt, tar_grunt_ereshkigal, tar_grunt_big_loot,
          tar_grunt_small_loot, tar_grunt_small_loot, tar_grunt_small_loot,
          tar_grunt_decor_octagon_7, tar_grunt_decor_cross_diag,
          tar_grunt_decor_circle_5, tar_grunt_small_decor_pillar,
          tar_grunt_decor_3, tar_grunt_decor_cross_ortho,
          tar_grunt_small_decor_pillar, tar_grunt_decor_1,
          tar_grunt_small_decor_pillar, tar_grunt_decor_6, tar_grunt_decor_3,
          tar_grunt_small_decor_pillar, tar_grunt_small_decor_pillar,
          tar_grunt_small_decor_pillar, tar_grunt_decor_circle_5
Pan:      grunt_pan_frozen_over, layout_irregular_city,
          evilmike_mini_pan_corner, layout_irregular_city, nicolae_pan_diamonds,
          layout_gridville, grunt_pan_in_and_out, layout_long_grid,
          rand_demon_9, layout_basic, evilmike_mini_pan_3x3,
          layout_pan_divisions_b [pan_division_quadrant_b6,
          pan_division_quadrant_b1, pan_division_quadrant_b1,
          pan_division_quadrant_b5], pan_blood_fountain,
          evilmike_mini_pan_doors, layout_cross, gloorx_vloq, layout_basic,
          mnoleg_st, layout_pan_divisions_a [pan_division_quadrant_a6,
          pan_division_quadrant_a2, pan_division_quadrant_a5,
          pan_division_quadrant_a6, pan_division_octagon_empty],
          pan_captured_pigsty, rand_demon_5, layout_long_grid,
          grunt_pan_pentagram, layout_irregular_city, lom_lobon_st,
          layout_small_grid, evilmike_mini_pan_branches, layout_small_grid,
          evilmike_mini_pan_corridor, layout_gridlike, evilmike_mini_pan_corner,
          layout_gridville, cerebov_grunt, layout_gridlike, rand_demon_2,
          layout_rooms, pan_blood_fountain_small, rand_demon_2,
          layout_gridville, pan_blood_fountain_small, pan_blood_fountain,
          grunt_pan_in_and_out, layout_pan_divisions_a
          [pan_division_quadrant_a1, pan_division_quadrant_a6,
          pan_division_quadrant_a4, pan_division_quadrant_a5,
          pan_division_octagon_halves], grunt_pan_sceptre,
          layout_cellular_growth, nicolae_pan_gloorx_vloqian_2,
          evilmike_mini_pan_thingy, layout_small_grid, evilmike_mini_pan_3x3,
          layout_rooms, nicolae_pan_gloorx_vloqian_3,
          evilmike_mini_pan_pillars_b, layout_small_grid,
          evilmike_mini_pan_corner, layout_gridlike, pan_blood_fountain_small,
          evilmike_mini_pan_corridor, layout_rooms, pan_blood_fountain_small,
          nicolae_pan_sick_transit, evilmike_mini_pan_doors_b, layout_gridlike,
          evilmike_mini_pan_V, layout_chambers, evilmike_mini_pan_layers,
          layout_irregular_city, evilmike_mini_pan_diamond,
          layout_cellular_growth, special_room [special_room_demon_pit],
          rand_demon_6, layout_chambers, rand_demon_7, layout_rooms,
          pan_blood_fountain_small, reaverb_pan_chaos_star,
          nicolae_pan_lom_lobonic_1, grunt_pan_sceptre, layout_gridville,
          pan_blood_fountain_small, nicolae_pan_glass_arcs, layout_chambers,
          evilmike_mini_pan_T, layout_gridlike, pan_disco_hall,
          layout_gridville, evilmike_mini_pan_corner, layout_cellular_growth,
          pan_blood_fountain, nicolae_pan_hourglass, layout_basic,
          evilmike_mini_pan_layers, layout_onion_city, evilmike_mini_pan_T,
          layout_small_grid

Skill      XL: |  1  2  3  4  5  6  7  8  9 10 11 12 13 14 15 16 17 18 19 20 21 22 23 24 25 26 27 |
---------------+----------------------------------------------------------------------------------+-----
Maces & Flails | 3 4 5 6 7 9 11 12 14 16 17 18 20 21 22 23 24 25 26 27 | 27.0
Armour         | 4 5 6 7 8 9 11 12 13 14 15 16 17 18 19 20 21 22 23 25 26 27 | 27.0
Fighting       | 4 5 6 7 8 9 11 12 13 14 15 16 17 18 19 20 22 24 25 27 | 27.0
Shields        | 4 5 6 7 8 9 11 12 13 14 15 16 17 18 19 20 21 22 23 25 26 27 | 27.0
Transmutations | 27 | 27.0
Necromancy     | 26 | 26.7
Dodging        | 27 | 27.0
Spellcasting   | 19 | 19.2
Translocations | 27 | 27.0

Action                   |  1- 3 |  4- 6 |  7- 9 | 10-12 | 13-15 | 16-18 | 19-21 | 22-24 | 25-27 || total
-------------------------+-------+-------+-------+-------+-------+-------+-------+-------+-------++-------
Melee: Flail             |    91 |   133 |   131 |       |       |       |       |       |       ||   355
       Headbutt          |    12 |    22 |    61 |   155 |   274 |   306 |   354 |   498 |  6092 ||  7774
       Whip              |       |       |   240 |   642 |   279 |       |       |       |       ||  1161
       Morningstar       |       |       |       |       |   350 |       |       |       |       ||   350
       Eveningstar       |       |       |       |       |   594 |  1280 |  1284 |  1580 | 19994 || 24732
 Cast: Controlled Blink  |       |       |       |       |       |       |       |       |     1 ||     1
Invok: Potion Petition   |       |       |       |       |     2 |       |       |       |       ||     2
       Call Merchant     |       |       |       |       |     5 |     1 |     3 |     2 |     4 ||    15
       Brand Weapon With |       |       |       |       |       |       |       |       |     1 ||     1
Evoke: Wand              |       |       |     7 |       |       |       |       |     2 |     1 ||    10
  Use: Scroll            |       |     9 |     4 |     7 |    16 |     6 |     8 |    16 |    77 ||   143
       Potion            |       |     3 |     4 |     4 |       |     2 |     3 |     4 |    48 ||    68
 Stab: Distracted        |       |       |       |       |    10 |    24 |    14 |    15 |     9 ||    72
       Confused          |       |       |       |       |       |     3 |       |       |       ||     3
       Paralysed         |       |       |       |       |       |       |       |       |     3 ||     3
       Petrified         |       |       |       |       |       |       |       |       |     1 ||     1
Armor: Scale mail        |    52 |    73 |    82 |       |       |       |       |       |       ||   207
       Skin              |       |     3 |       |       |       |       |       |       |       ||     3
       Plate armour      |       |       |     9 |   133 |   358 |   151 |       |       |       ||   651
       Ice dragon scales |       |       |       |       |       |   266 |       |       |       ||   266
       Crystal plate arm |       |       |       |       |       |   458 |   490 |   508 |  5631 ||  7087
Dodge: Dodged            |    46 |    42 |    79 |    87 |   162 |   317 |   108 |   127 |  5223 ||  6191
Block: Kite shield       |    53 |   101 |   186 |   351 |   705 |   858 |   291 |       |       ||  2545
       Reflection        |       |       |       |    13 |     4 |       |       |       |       ||    17
       Tower shield      |       |       |       |       |       |       |   748 |  1484 | 22896 || 25128

Table legend: (Time is in decaauts)
 A = Elapsed time spent in this place.
 B = Non-inter-level travel time spent in this place.
 C = Inter-level travel time spent in this place.
 D = Time resting spent in this place.
 E = Time spent auto-exploring this place.
 F = Levels seen in this place.
 G = Mean time per level.
                   A        B        C        D        E       F      G
               +--------+--------+--------+--------+--------+-----+--------+
         Total | 156062 | 147379 |   8683 |   3682 | 105885 | 138 | 1130.9 |
       Dungeon |  18555 |  15108 |   3447 |    721 |  12020 |  15 | 1237.0 |
        Temple |    133 |    127 |      6 |      0 |    107 |   1 |  133.0 |
          Lair |   8902 |   8076 |    826 |    185 |   6889 |   6 | 1483.7 |
         Swamp |   4052 |   3943 |    109 |    459 |   2772 |   4 | 1013.0 |
   Spider Nest |   4074 |   3864 |    210 |     95 |   2922 |   4 | 1018.5 |
    Slime Pits |   3574 |   3379 |    195 |     43 |   2564 |   5 |  714.8 |
  Orcish Mines |   2456 |   2293 |    163 |    176 |   1790 |   2 | 1228.0 |
   Elven Halls |   3056 |   2826 |    230 |      6 |   2172 |   3 | 1018.7 |
        Vaults |   8372 |   7473 |    899 |      3 |   5574 |   5 | 1674.4 |
         Crypt |   2935 |   2796 |    139 |      0 |   2189 |   3 |  978.3 |
        Depths |   7484 |   6448 |   1036 |     40 |   4960 |   5 | 1496.8 |
          Hell |   1360 |   1175 |    185 |    106 |    669 |   1 | 1360.0 |
           Dis |   9523 |   9009 |    514 |     35 |   6102 |   7 | 1360.4 |
       Gehenna |   6672 |   6518 |    154 |     10 |   4257 |   7 |  953.1 |
       Cocytus |   7342 |   7131 |    211 |     69 |   4993 |   7 | 1048.9 |
      Tartarus |   8671 |   8316 |    355 |      4 |   6015 |   7 | 1238.7 |
         Abyss |  11981 |  11981 |      0 |    551 |   5415 |  12 |  998.4 |
   Pandemonium |  44943 |  44943 |      0 |   1174 |  32944 |  39 | 1152.4 |
        Bazaar |    261 |    261 |      0 |      0 |    179 |   2 |  130.5 |
         Trove |     39 |     39 |      0 |      0 |      4 |   1 |   39.0 |
      Ice Cave |    796 |    796 |      0 |      0 |    656 |   1 |  796.0 |
      Gauntlet |    871 |    871 |      0 |      0 |    686 |   1 |  871.0 |
               +--------+--------+--------+--------+--------+-----+--------+

Top non-repeatable levels by time:
 Abyss:1: 4077 daAuts
 Abyss:2: 2656 daAuts
 Abyss:3: 2572 daAuts
   Dis:7: 2274 daAuts
 Abyss:4: 2231 daAuts
Depths:4: 2025 daAuts
    D:15: 2006 daAuts
Vaults:2: 1964 daAuts
    D:14: 1881 daAuts
  Lair:6: 1870 daAuts
   Dis:6: 1869 daAuts
Vaults:1: 1814 daAuts
  Lair:3: 1779 daAuts
Depths:1: 1750 daAuts
   Coc:7: 1710 daAuts
